 Dungeon Crawl Stone Soup version 0.31-a0-1178-gc5c9b8f871 (webtiles) character file.

Game seed: 6978662259447369672

14023757 Inarius the Axe Maniac (level 27, 249/249 HPs)
             Began as a Demonspawn Fighter on Dec 6, 2023.
             Was the Champion of Makhleb.
             Escaped with the Orb
             ... and 15 runes on Dec 11, 2023!
             The game lasted 04:32:30 (113558 turns).

Inarius the Axe Maniac (Demonspawn Fighter)       Turns: 113558, Time: 04:32:30

Health: 249/249    AC: 52    Str: 46    XL:     27
Magic:  4/14       EV: 12    Int:  7    God:    Makhleb [******]
Gold:   13551      SH: 43    Dex: 13    Spells: 47/61 levels left

rFire   + + +        b - +9 broad axe (antimagic)
rCold   + + .        i - +10 tower shield of Ignorance {rN+ Int-4}
rNeg    + + +        R - +12 gold dragon scales
rPois   +            Y - -2 hat of the Alchemist {rElec rPois rF+ rC+ rN+ Will+ rMut rCorr}
rElec   +            (cloak unavailable)
rCorr   +            J - +2 pair of gloves {infuse}
SInv    .            X - +0 pair of boots "Eratup" {rC- Str+7 Int+2 Stlth+}
Will    +++++        z - amulet "Ahiepon" {Reflect Str+3 SH+5} Stlth
                     w - ring "Repappio" {rElec rPois rF+ Str+6}
HPRegen 0.61/turn    Z - ring of Giblad {rF++ rC+ rN+}
MPRegen 0.14/turn

%: reflection, resist mutation, infuse magic (1 MP)
@: studying Stealth
A: molten scales 3, hurl damnation, icemail 2, spiny 3, torment resistance 1,
condensation shield, demonic willpower, weakness stinger 3, strong-willed 1
0: Orb of Zot
}: 15/15 runes: decaying, slimy, silver, golden, iron, obsidian, icy, bone,
abyssal, demonic, glowing, magical, fiery, dark, gossamer
a: Hurl Damnation, Renounce Religion, Minor Destruction, Lesser Servant of
Makhleb, Major Destruction, Greater Servant of Makhleb


You escaped.
You worshipped Makhleb.
Makhleb was exalted by your worship.
You visited 18 branches of the dungeon, and saw 88 of its levels.
You visited Pandemonium 4 times, and saw 17 of its levels.
You visited the Abyss 4 times.
You visited 1 bazaar.
You also visited: Sewer, Ossuary and Bailey.

You collected 17932 gold pieces.
You spent 4381 gold pieces at shops.

Inventory:

Hand Weapons
 a - a +9 broad axe of electrocution
 b - a +9 antimagic broad axe (weapon)
 e - a +6 broad axe of freezing
 Q - the +4 broad axe "Boreck" {freeze, Str+2 Int+3 SInv}
   (You took it off a white draconian on level 2 of the Realm of Zot)

   Str+2:     It affects your strength (+2).
   Int+3:     It affects your intelligence (+3).
   SInv:      It lets you see invisible.
Armour
 i - the +10 tower shield of Ignorance (worn) {rN+ Int-4}
   (You acquired it on level 5 of the Vaults)

   Int-4:     It affects your intelligence (-4).
   rN+:       It protects you from negative energy.
 x - a +2 tower shield of reflection
 J - a +2 pair of gloves of infusion (worn)
 R - +12 gold dragon scales (worn)
 X - the +0 pair of boots "Eratup" (worn) {rC- Str+7 Int+2 Stlth+}
   (You acquired it on level 2 of the Orcish Mines)

   Str+7:     It affects your strength (+7).
   Int+2:     It affects your intelligence (+2).
   rC-:       It makes you vulnerable to cold.
   Stlth+:    It makes you more stealthy.
 Y - the -2 hat of the Alchemist (worn) {rElec rPois rF+ rC+ rN+ Will+ rMut rCorr}
   (You found it on level 2 of the Depths)

   rF+:       It protects you from fire.
   rC+:       It protects you from cold.
   rElec:     It insulates you from electricity.
   rPois:     It protects you from poison rN+: It protects you from negative
   energy.
   Will+:     It increases your willpower.
   rCorr:     It protects you from acid and corrosion.
   rMut:      It protects you from mutation.
Jewellery
 g - an amulet of regeneration
 s - the ring "Votosta" {rElec rC+ Dex+2 Stlth+}
   (You found it on level 3 of the Crypt)

   [ring of protection from cold]

   Dex+2:     It affects your dexterity (+2).
   rC+:       It protects you from cold.
   rElec:     It insulates you from electricity.
   Stlth+:    It makes you more stealthy.
 w - the ring "Repappio" (left hand) {rElec rPois rF+ Str+6}
   (You found it on level 7 of Tartarus)

   [ring of protection from fire]

   Str+6:     It affects your strength (+6).
   rF+:       It protects you from fire.
   rElec:     It insulates you from electricity.
   rPois:     It protects you from poison
 z - the amulet "Ahiepon" (around neck) {Reflect Str+3 SH+5}
   (You found it on level 3 of the Crypt)

   [amulet of reflection]

   Reflect:   It reflects blocked missile attacks.
   Str+3:     It affects your strength (+3).
   SH+5:      It affects your SH (+5).
 F - an amulet of guardian spirit
 G - the ring of the Amoeba {rElec Int+3 Dex+6 Stlth+}
   (You found it on level 7 of Cocytus)

   [ring of dexterity]

   Int+3:     It affects your intelligence (+3).
   Dex+6:     It affects your dexterity (+6).
   rElec:     It insulates you from electricity.
   Stlth+:    It makes you more stealthy.
 K - the amulet of Equilibrium {Reflect +Inv Str+6 Dex+4 Slay-6 SH+5}
   (You found it on level 7 of the Iron City of Dis)

   [amulet of reflection]

   Reflect:   It reflects blocked missile attacks.
   Str+6:     It affects your strength (+6).
   Dex+4:     It affects your dexterity (+4).
   Slay-6:    It affects your accuracy & damage with ranged weapons and melee
   (-6).
   +Inv:      It lets you turn invisible.
   SH+5:      It affects your SH (+5).
 Z - the ring of Giblad (right hand) {rF++ rC+ rN+}
   (You acquired it on level 2 of the Orcish Mines)

   [ring of protection from cold]

   rF++:      It greatly protects you from fire.
   rC+:       It protects you from cold.
   rN+:       It protects you from negative energy.
Wands
 B - a wand of paralysis (53)
 N - a wand of iceblast (53)
 O - a wand of mindburst (97)
 U - a wand of acid (21)
 W - a wand of digging (33)
Scrolls
 j - 19 scrolls of teleportation
 n - 15 scrolls of fear
 p - 3 scrolls of silence
 u - 10 scrolls of immolation
 v - 6 scrolls of noise
 y - 8 scrolls of fog
 A - 12 scrolls of blinking
 I - 4 scrolls of summoning
 T - a scroll of revelation
 V - a scroll of torment
Potions
 d - 2 potions of might
 f - 2 potions of invisibility
 h - 19 potions of curing
 k - 5 potions of mutation
 l - 13 potions of heal wounds
 m - 12 potions of lignification
 o - 2 potions of haste
 q - 7 potions of enlightenment
 r - 14 potions of brilliance
 C - 8 potions of magic
 D - 11 potions of attraction
 E - 6 potions of cancellation
 H - 2 potions of berserk rage
 L - 24 potions of ambrosia
 S - 6 potions of resistance
Miscellaneous
 c - a condenser vane
 t - a sack of spiders
 M - a lightning rod (4/4)
 P - a figurine of a ziggurat


   Skills:
 O Level 27 Fighting
 - Level 0.9 Short Blades
 O Level 27 Axes
 - Level 0.5 Staves
 - Level 0.6 Ranged Weapons
 - Level 0.4 Throwing
 - Level 23.0 Armour
 - Level 7.9 Dodging
 - Level 4.0 Stealth
 O Level 27 Shields
 - Level 1.0 Unarmed Combat
 + Level 17.9 Spellcasting
 - Level 0.6 Conjurations
 - Level 0.8 Summonings
 - Level 18.7 Necromancy
 - Level 0.2 Translocations
 - Level 8.3 Transmutations
 - Level 0.5 Ice Magic
 - Level 0.4 Air Magic
 + Level 19.4 Earth Magic
 - Level 0.1 Poison Magic
 - Level 24.3 Invocations
 - Level 21.2 Evocations
 - Level 0.5 Shapeshifting


You had 47 spell levels left.
You knew the following spells:

 Your Spells              Type           Power      Damage    Failure   Level
a - Shatter               Erth           16%        3d16*     100%        9
b - Yara's Violent Unrav  Hex/Tmut       6%         3d5       83%         5

Your spell library contained the following spells:

 Spells                   Type           Power      Damage    Failure   Level
 Necrotise                Necr           100%       1d9       0%          1
 Sandblast                Erth           66%        2d15      0%          1
 Kiss of Death            Conj/Necr      76%        2d11      1%          1
 Passwall                 Tmut/Erth      20%        N/A       1%          2
 Sublimation of Blood     Necr           32%        N/A       1%          2
 Wereblood                Tmut           17%        N/A       1%          2
 Stone Arrow              Conj/Erth      40%        3d9       1%          3
 Vampiric Draining        Necr           32%        2d8       1%          3
 Animate Dead             Necr           32%        N/A       1%          4
 Dispel Undead            Necr           32%        3d14      1%          4
 Agony                    Necr           32%        N/A       1%          5
 Borgnjor's Vile Clutch   Necr/Erth      16%        N/A       1%          5
 Lee's Rapid Deconstruct  Erth           16%        3d10*     1%          5
 Death Channel            Necr           16%        N/A       1%          6
 Cigotuvi's Dreadful Rot  Necr/Pois/Air  30%        N/A       3%          2
 Animate Armour           Summ/Erth      40%        N/A       4%          4
 Brom's Barrelling Bould  Conj/Erth      20%        2d4       4%          4
 Sting                    Tmut/Pois      48%        1d5       5%          1
 Leda's Liquefaction      Hex/Erth       9%         N/A       5%          4
 Magic Dart               Conj           28%        1d4       24%         1
 Shock                    Conj/Air       24%        1d4       24%         1
 Foxfire                  Conj/Fire      24%        2x1d5     26%         1
 Ignite Poison            Fire/Tmut/Pois 10%        N/A       26%         3
 Slow                     Hex            24%        N/A       30%         1
 Call Imp                 Summ           14%        N/A       30%         2
 Searing Ray              Conj           14%        2d5       34%         2
 Ensorcelled Hibernation  Hex/Ice        12%        N/A       36%         2
 Momentum Strike          Conj/Tloc      12%        3d8       36%         2
 Poisonous Vapours        Pois/Air       12%        N/A       36%         2
 Static Discharge         Conj/Air       12%        3-4/arc   36%         2
 Blink                    Tloc           12%        N/A       38%         2
 Lesser Beckoning         Tloc           12%        N/A       38%         2
 Scorch                   Fire           12%        2d5       41%         2
 Call Canine Familiar     Summ           7%         N/A       52%         3
 Hailstorm                Conj/Ice       7%         3d5       56%         3
 Ozocubu's Armour         Ice            7%         N/A       56%         3
 Mephitic Cloud           Conj/Pois/Air  6%         N/A       58%         3
 Summon Guardian Golem    Hex/Summ       6%         N/A       58%         3
 Swiftness                Air            6%         N/A       58%         3
 Bombard                  Conj/Erth      10%        9d2       58%         6
 Dazzling Flash           Conj/Hex       12%        N/A       61%         3
 Gell's Gravitas          Tloc           6%         N/A       63%         3
 Teleport Other           Tloc           6%         N/A       63%         3
 Volatile Blastmotes      Fire/Tloc      12%        2d11      63%         3
 Confusing Touch          Hex            6%         N/A       65%         3
 Inner Flame              Hex/Fire       6%         N/A       65%         3
 Sigil of Binding         Hex            6%         N/A       65%         3
 Tukima's Dance           Hex            6%         N/A       65%         3
 Simulacrum               Ice/Necr       9%         N/A       65%         6
 Infestation              Necr           16%        N/A       65%         8
 Alistair's Intoxication  Tmut/Pois      8%         N/A       82%         5
 Summon Ice Beast         Ice/Summ       7%         N/A       91%         4
 Summon Lightning Spire   Summ/Air       7%         N/A       92%         4
 Airstrike                Air            3%         2d(1-17)  94%         4
 Iskenderun's Mystic Bla  Conj/Tloc      6%         2d4       94%         4
 Dimensional Bullseye     Hex/Tloc       3%         N/A       95%         4
 Flame Wave               Conj/Fire      6%         2d5       95%         4
 Fulminant Prism          Conj/Hex       3%         3d5       95%         4
 Manifold Assault         Tloc           6%         N/A       95%         4
 Olgreb's Toxic Radiance  Pois           6%         N/A       95%         4
 Passage of Golubria      Tloc           6%         N/A       95%         4
 Vhi's Electric Charge    Tloc/Air       12%        N/A       95%         4
 Cause Fear               Hex            3%         N/A       96%         4
 Haunt                    Necr/Summ      10%        N/A       99%         7
 Arcjolt                  Conj/Air       3%         1d13      100%        5
 Fireball                 Conj/Fire      3%         3d4       100%        5
 Iskenderun's Battlesphe  Conj           7%         2d6       100%        5
 Metabolic Englaciation   Hex/Ice        3%         N/A       100%        5
 Silence                  Hex/Air        3%         N/A       100%        5
 Summon Forest            Summ/Tloc      3%         N/A       100%        5
 Summon Mana Viper        Hex/Summ       6%         N/A       100%        5
 Conjure Ball Lightning   Conj/Air       3%         3x3d6     100%        6
 Dispersal                Tloc           3%         N/A       100%        6
 Eringya's Noxious Bog    Tmut/Pois      6%         4d6       100%        6
 Plasma Beam              Fire/Air       3%         2x1d13    100%        6
 Starburst                Conj/Fire      3%         6d3       100%        6
 Summon Cactus Giant      Summ           3%         N/A       100%        6
 Enfeeble                 Hex            3%         N/A       100%        7
 Monstrous Menagerie      Summ           3%         N/A       100%        7
 Orb of Destruction       Conj           3%         9d5       100%        7
 Ozocubu's Refrigeration  Ice            3%         4d8       100%        7
 Spellforged Servitor     Conj/Summ      3%         N/A       100%        7
 Summon Hydra             Summ           3%         N/A       100%        7
 Discord                  Hex            3%         N/A       100%        8
 Disjunction              Tloc           3%         N/A       100%        8
 Ignition                 Fire           3%         3d4       100%        8
 Lehudib's Crystal Spear  Conj/Erth      10%        10d4      100%        8
 Maxwell's Capacitive Co  Air            3%         ∞         100%        8
 Summon Horrible Things   Summ           3%         N/A       100%        8
 Chain Lightning          Conj/Air       3%         3d4       100%        9
 Dragon's Call            Summ           3%         N/A       100%        9
 Fire Storm               Conj/Fire      3%         8d1       100%        9
 Polar Vortex             Ice            3%         N/A       100%        9


Dungeon Overview and Level Annotations

Branches:
Dungeon (15/15)            Temple (1/1) D:4            Lair (5/5) D:9
  Swamp (4/4) Lair:2       Spider (4/4) Lair:3        Slime (5/5) Lair:5
    Orc (2/2) D:10            Elf (3/3) Orc:2        Vaults (5/5) D:14
  Crypt (3/3) Vaults:2       Tomb (3/3) Crypt:3      Depths (4/4) D:15
   Hell (visited)             Dis (7/7) Hell            Geh (7/7) Hell
    Coc (7/7) Hell            Tar (7/7) Hell            Zot (5/5) Depths:4
  Sewer (visited)         Ossuary (visited)          Bailey (visited)

Altars:
Ashenzari
Cheibriados
Dithmenos
Fedhas
Gozag
Hepliaklqana
Kikubaaqudgha
Makhleb
Nemelex Xobeh
Okawaru
Qazlal
Ru
Sif Muna
Trog
Uskayaw
Vehumet
Wu Jian
Xom
Yredelemnul
Jiyva

Shops:
D:2 !   Orc:2 !(*:?   Vaults:2 :   Vaults:3 ([:   Vaults:5 ?   Depths:1 *
Depths:2 *[?(

Portals:
Hell: Depths:1 Depths:2 Depths:3 Depths:4
Abyss: Depths:1 Depths:2 Depths:3
Pandemonium: Depths:1 Depths:2 Depths:4
Ziggurat: Depths:2

Annotations:
D:9 4 transporters
Lair:5 exclusion: obsidian statue
Zot:3 2 transporters, exclusion: obsidian statue


Innate Abilities, Weirdness & Mutations

You are completely covered in molten scales. (AC +4, rF+)
You can hurl damnation.
A meltable icy envelope protects you from harm. (AC +8)
You are completely covered in sharp spines.
You are resistant to unholy torment.
A meltable shield of frost defends you. (SH +4)
You punish those that try to bend your will. (Will+)
You have a sharp stinger which inflicts weakening toxins.
You are strong-willed. (Will+)


Message History

The Orb Guardian barely misses you.
You slice the Orb Guardian!!
The Orb Guardian is heavily wounded.
You block the Orb Guardian's attack.
Unknown command.
You barely miss the Orb Guardian. You tail-slap the Orb Guardian.
The Orb Guardian looks weaker.
The Orb Guardian is heavily wounded.
You block the Orb Guardian's attack.
You closely miss the Orb Guardian.
The Orb Guardian is heavily wounded.
You block the Orb Guardian's attack.
Unknown command.
You slash the Orb Guardian!
The Orb Guardian is severely wounded.
You block the Orb Guardian's attack.
You slice the Orb Guardian!!
You kill the Orb Guardian!
Makhleb accepts your kill.
You closely miss the hellwing.
You tail-slap the hellwing, but do no damage.
You slash the hellwing! You tail-slap the hellwing.
The hellwing looks weaker.
The hellwing is moderately wounded.
You block the hellwing's attack. x2
You hit the hellwing. You tail-slap the hellwing.
The hellwing is heavily wounded.
You block the hellwing's attack. x2
You hit the hellwing.
The hellwing is heavily wounded.
You slice the hellwing!!
You kill the hellwing!
Makhleb accepts your kill.
You feel your intelligence returning.
No target in view!
You enter the shallow water.
Moving in this stuff is going to be slow.
You enter the shallow water.
Moving in this stuff is going to be slow.
There is a staircase leading out of the dungeon here.
You have escaped!

##~.~~~..P.P..~##
#....P~...P.PP~~##
#.~.......~P.~~≈##
##~P..P.....P~~##.
#.~...P......~~≈.#
#.P......P..~#≈~##
#~P.....P.~..#.##
#.~~.P.......P##
#@.~≈.........#
###############


There were no monsters in sight!

Vanquished Creatures
  Cerebov (Pan)
  Antaeus (Coc:7)
  Asmodeus (Geh:7)
  the Royal Jelly (Slime:5)
  Dissolution (Slime:2)
  Ereshkigal (Tar:7)
  Lom Lobon (Pan)
  the Serpent of Hell (Geh:7)
  Mnoleg (Pan)
  Dispater (Dis:7)
  5 dread liches
  7 pandemonium lords
  5 ancient liches
  5 orbs of fire (Zot:5)
  Mara (Swamp:4)
  5 juggernauts
  Mennas (Pan)
  Josephina (Depths:3)
  Frederick (Depths:3)
  The ghost of Sial the Executioner, a veteran MiMo of Trog (Zot:1)
  The ghost of Sial the Executioner, a veteran MiMo of Trog (Zot:2)
  37 royal mummies
  Parghit (Zot:2)
  20 shard shrikes
  A curse toe (Zot:1)
  Margery (Crypt:3)
  3 Killer Klowns (Zot:5)
  the Lernaean hydra (Swamp:4)
  Saint Roka (Vaults:4)
  Xtahua (Vaults:5)
  Geryon (Hell)
  32 caustic shrikes
  17 golden dragons
  Jory (Vaults:5)
  10 profane servitors
  Norris (Depths:2)
  the Enchantress (Depths:2)
  18 bone dragons
  13 Brimstone Fiends
  8 iron giants
  Arachne (Spider:2)
  3 electric golems
  4 hellephants
  8 doom hounds
  2 spectral shard shrikes
  4 walking crystal tomes
  33 Tzitzimimeh
  Mlioglotl (Spider:3)
  22 tentacled monstrosities
  18 Ice Fiends
  20 Hell Sentinels
  15 tainted leviathans
  2 walking earthen tomes (Depths:3)
  29 Orb Guardians
  Asterion (Vaults:3)
  17 titans
  2 deep elf blademasters
  15 acid blobs
  10 liches
  2 walking divine tomes (Depths:3)
  8 quicksilver dragons
  16 sphinxes
  2 deep elf master archers (Elf:3)
  Grunn (Zot:4)
  15 searing wretches
  An eldritch tentacle (Pan)
  Frances (Swamp:1)
  37 ancient champions
  39 Executioners
  2 thorn hunters
  11 death cobs
  19 shadow dragons
  A tentacled starspawn (Abyss:3)
  14 tengu reavers
  26 storm dragons
  14 demonspawn warmongers (Pan)
  13 draconian monks
  Aizul (Spider:2)
  10 rockslimes
  7 narguns
  10 azure jellies
  Donald (Spider:3)
  14 frost giants
  8 draconian knights
  2 revenants
  12 iron dragons
  11 emperor scorpions
  10 deep elf sorcerers
  25 fire giants
  A spectral juggernaut (Tar:3)
  19 quicksilver elementals
  37 balrugs
  A juggernaut zombie (Crypt:3)
  3 draconian scorchers
  5 daevas
  A spectral caustic shrike (Tar:6)
  17 vault wardens
  11 shard shrike simulacra
  3 angels
  5 ghost moths
  8 draconian shifters
  9 ghouls
  An orc warlord (Vaults:3)
  7 curse skulls
  2 draconian stormcallers
  6 deep elf elementalists (Elf:3)
  10 quicksilver oozes
  7 formless jellyfish
  3 broodmothers
  6 spriggan defenders
  20 cacodemons (Pan)
  22 ironbound preservers
  48 war gargoyles
  5 demonspawn blood saints (Pan)
  32 very ugly things
  14 draconian annihilators
  25 reapers
  A caustic shrike skeleton (Crypt:2)
  6 demonspawn corrupters (Pan)
  17 stone giants
  8 ironbound thunderhulks
  7 deep elf demonologists (Elf:3)
  14 black draconians
  8 demonspawn black suns (Pan)
  2 juggernaut skeletons
  Nessos (D:13)
  11 lorocyprocas (Pan)
  27 elemental wellsprings
  2 grey draconians (Depths:4)
  10 green draconians
  8 vampire knights
  16 wendigos
  14 red draconians
  16 bennus
  3 eleionomae
  19 purple draconians
  6 spark wasps
  16 putrid mouths
  11 bunyips
  11 dire elephants
  15 yellow draconians
  11 white draconians
  11 eidola
  25 iron golems
  13 deep elf annihilators
  12 deep elf death magi
  10 green deaths (Pan)
  Snorg (Lair:3)
  27 mummy priests
  A quicksilver dragon zombie (Crypt:3)
  21 ettins
  17 blizzard demons
  4 spectral spriggans
  10 jiangshi (Crypt:1)
  2 shambling mangroves (Swamp:3)
  A crystal guardian (Vaults:1)
  13 fire dragons
  14 yaktaur captains
  6 deep elf high priests
  8 entropy weavers
  A spectral iron giant (Tar:2)
  6 rakshasas
  9 great orbs of eyes
  Harold (Lair:1)
  13 caustic shrike simulacra
  A fenstrider witch zombie (Crypt:2)
  5 spriggan zombies
  2 quicksilver dragon skeletons
  2 ghost crabs
  14 salamander tyrants
  26 vault guards
  9 juggernaut simulacra
  8 spriggan skeletons
  8 spriggan air magi
  22 ice dragons
  A peacekeeper (Vaults:1)
  9 hell beasts
  7 radroaches
  20 hydras
  3 death knights (Crypt:1)
  A catoblepas (D:14)
  8 alligators
  2 ogre magi (Vaults:5)
  An Orb Guardian zombie (Crypt:1)
  4 two-headed ogres
  9 centaur warriors
  5 ironbound frosthearts
  A fenstrider witch skeleton (Crypt:2)
  2 stokers
  40 dancing weapons
  6 boulder beetles
  6 death yaks
  2 jorogumos
  8 vampire magi
  50 death scarabs
  12 deep troll earth magi
  6 orc high priests
  12 deep troll shamans
  24 demonic crawlers
  A spectral naga (Tar:1)
  33 hell hogs
  2 satyrs (Abyss:3)
  11 tengu warriors
  3 spriggan berserkers
  3 shock serpents (Pan)
  A shock serpent (shapeshifter) (Depths:3)
  A titan zombie (Crypt:3)
  Urug (Orc:1)
  3 occultists
  3 thrashing horrors
  22 soul eaters
  6 holy swine (Pan)
  22 crystal echidnas
  11 hell knights
  6 wretched stars
  21 deep elf knights
  26 shadow wraiths
  2 spectral dire elephants
  2 spectral death yaks (Lair:5)
  74 sun demons
  3 iron trolls (Depths:4)
  An emperor scorpion zombie (Crypt:2)
  2 golden dragon zombies (Crypt:3)
  2 titan skeletons
  A salamander mystic (Depths:4)
  23 sixfirhies
  14 skeletal warriors
  7 skysharks
  3 bunyip zombies
  2 death drakes
  7 glowing orange brains
  A storm dragon skeleton (Pan)
  11 orb spiders
  A spatial maelstrom (Abyss:2)
  3 goliath frogs
  8 pharaoh ants
  2 spectral anacondas
  2 anaconda zombies
  3 quicksilver dragon simulacra
  5 flayed ghosts
  46 deep trolls
  An obsidian statue (Zot:5)
  4 spriggan simulacra
  3 spriggan druids
  10 swamp dragons
  An anaconda skeleton (Pan)
  10 deep elf archers
  A tengu zombie (Crypt:3)
  14 lindwurms
  14 bog bodies
  12 shadow demons
  7 arcanists
  18 phantasmal warriors
  35 deep elf pyromancers
  7 steelbarb worms
  3 fenstrider witch simulacra
  27 ironbound convokers
  2 bunyip skeletons (Pan)
  32 deep elf zephyrmancers
  A broodmother zombie (Crypt:2)
  3 starcursed masses
  28 necromancers
  3 cyclopes (D:12)
  21 wolf spiders
  8 shining eyes
  12 orc knights
  2 manticores (shapeshifter) (Vaults:5)
  2 orc sorcerers (Elf:2)
  2 stone giant zombies
  A cyclops (shapeshifter) (Elf:3)
  A mana viper (shapeshifter) (Vaults:5)
  11 kobold blastminers
  5 salamanders (Depths:4)
  39 ugly things
  A will-o-the-wisp (Swamp:3)
  A stone giant skeleton (Pan)
  A spectral ettin (Tar:2)
  2 spectral centaurs (Tar:2)
  An apocalypse crab (Abyss:3)
  30 moths of wrath
  2 manticores
  6 worldbinders
  3 centaur zombies (Crypt:3)
  29 elephants
  18 vault sentinels
  5 black mambas
  2 iron dragon skeletons
  A dire elephant zombie (Tomb:2)
  35 smoke demons
  2 dire elephant skeletons
  A water nymph (shapeshifter) (Depths:1)
  4 eyes of devastation
  9 torpor snails
  75 large abominations
  27 orange demons (Pan)
  2 gargoyles
  14 cane toads
  10 molten gargoyles
  2 water nymphs (Abyss:3)
  12 rust devils
  9 titan simulacra
  30 hellions
  3 centaur skeletons (Pan)
  A catoblepas zombie (Crypt:1)
  27 tormentors
  5 rime drakes
  9 unseen horrors
  A shock serpent skeleton (Crypt:2)
  9 efreet
  17 freezing wraiths
  9 komodo dragons
  An alligator snapping turtle skeleton (Crypt:3)
  3 kobold demonologists
  5 ice devils
  2 bunyip simulacra
  2 iron giant simulacra (Coc:7)
  35 yaktaurs
  A komodo dragon (shapeshifter) (Vaults:5)
  5 ancient zymes
  52 guardian mummies
  2 red devils (Pan)
  A golden dragon simulacrum (Coc:4)
  5 anaconda simulacra
  A minotaur skeleton (Pan)
  6 spectral harpies
  2 trolls
  36 hellwings
  A harpy zombie (Tomb:2)
  4 tengu conjurers
  A polar bear (Lair:5)
  A sea snake skeleton (Crypt:1)
  A shadow dragon simulacrum (Coc:2)
  7 meliai
  8 tyrant leeches
  A queen bee (Lair:3)
  23 tarantellas
  6 harpy skeletons
  A silent spectre (Tar:6)
  2 spectral elephants (Lair:5)
  A merfolk (shapeshifter) (Depths:3)
  Grinder (D:3)
  7 glass eyes
  19 hornets
  A fire dragon zombie (Crypt:3)
  3 raiju (Abyss:2)
  A raiju (shapeshifter) (Abyss:2)
  A tarantella zombie (Crypt:2)
  2 spectral black mambas (Tar:2)
  12 blink frogs
  2 stone giant simulacra
  A blink frog (shapeshifter) (Vaults:5)
  2 iron dragon simulacra
  31 flying skulls
  29 culicivoras
  2 air elementals (Elf:2)
  A centaur simulacrum (Coc:1)
  4 shadows
  28 jumping spiders
  A satyr skeleton (Crypt:2)
  104 slime creatures
  7 vampires
  2 yaks (shapeshifter)
  5 dire elephant simulacra
  2 wyverns (shapeshifter)
  21 ynoxinuls
  16 spriggans
  8 water elementals
  10 basilisks
  A black mamba zombie (Crypt:2)
  A fire dragon skeleton (Tomb:1)
  3 ettin skeletons
  14 wraiths
  50 yaks
  9 wyverns
  A fire elemental (Elf:3)
  14 ushabtiu
  6 golden eyes (Abyss:2)
  An ice dragon skeleton (Crypt:1)
  9 vampire mosquitoes
  28 neqoxecs
  2 black mamba skeletons
  A basilisk (shapeshifter) (D:15)
  2 death yak simulacra (Lair:5)
  2 spectral cane toads (Lair:5)
  3 steam dragons
  22 chaos spawn
  19 swamp worms
  66 redbacks
  18 harpy simulacra
  A warg (shapeshifter) (Abyss:3)
  2 swamp worms (shapeshifter)
  6 wargs
  Menkaure (Ossuary)
  A naga zombie (Tomb:1)
  A fire bat skeleton (Crypt:1)
  7 acid dragons
  4 hydra simulacra
  14 water moccasins
  2 hell hounds (Abyss:3)
  Duvessa (D:7)
  11 swamp drakes
  3 naga skeletons
  3 two-headed ogre skeletons
  2 ice beasts
  A sky beast (D:6)
  4 ettin simulacra
  2 black bears (D:5)
  A black mamba simulacrum (Crypt:2)
  48 orc warriors
  A wolf (shapeshifter) (Abyss:2)
  An ice dragon simulacrum (Hell)
  An elephant skeleton (Lair:5)
  18 wolves
  A boggart (Vaults:1)
  15 centaurs
  10 ogres
  A phantom (D:4)
  8 kobold brigands
  2 necrophages
  2 gnoll sergeants
  2 naga simulacra
  A brain worm (Sewer)
  11 bullfrogs
  A glowing shapeshifter simulacrum (Vaults:1)
  11 small abominations
  2 cane toad simulacra (Lair:5)
  2 earth elementals
  3 scorpions (D:5)
  5 wyvern skeletons (Crypt:3)
  9 wights (D:8)
  Dowan (D:7)
  2 cyclops skeletons
  41 killer bees
  A swamp dragon simulacrum (Crypt:2)
  An electric eel (Lair:3)
  6 crimson imps
  14 jellies
  3 quasits
  2 hounds
  35 orc priests
  A gnoll bouda (D:9)
  Jessica (D:2)
  Ijyb (D:3)
  Natasha (thrice) (D:3)
  Terence (D:2)
  5 iguanas
  14 orc wizards
  A warg simulacrum (Orc:1)
  5 hell rats (Lair:4)
  43 mummies
  Robin (D:2)
  11 gnolls
  6 adders
  3 shadow imps
  9 white imps
  An orc simulacrum (Orc:1)
  2 ufetubi (Abyss:2)
  An iguana skeleton (Crypt:1)
  2 worms (D:2)
  6 dart slugs
  102 orcs
  15 endoplasms
  4 giant cockroaches
  A gnoll zombie (Ossuary)
  9 hobgoblins
  4 quokkas
  15 ball pythons
  8 bats
  10 frilled lizards
  12 goblins
  4 goblin skeletons (Ossuary)
  7 goblin zombies (Ossuary)
  6 hobgoblin skeletons (Ossuary)
  4 hobgoblin zombies (Ossuary)
  35 kobolds
  5 kobold skeletons (Ossuary)
  4 kobold zombies (Ossuary)
  9 orc skeletons
  7 orc zombies
  3 rats
  4 rat skeletons (Ossuary)
  3 rat zombies (Ossuary)
  A spectral hobgoblin (D:11)
  A creeping inferno (Geh:7)
  6 fire vortices
  2 spectral weapons (Vaults:3)
  A starspawn tentacle (Abyss:3)
4595 creatures vanquished.

Vanquished Creatures (collateral kills)
  Gloorx Vloq (Pan)
  2 bone dragons (Tar:7)
  A profane servitor (Tar:7)
  A tainted leviathan (Tar:7)
  A mummy priest (Tomb:3)
  A death scarab (Tomb:3)
  A hell hog (Hell)
  A soul eater (Pan)
  A hellion (Tar:7)
  2 guardian mummies
  A red devil (Hell)
  An ushabti (Tomb:3)
  A mummy (Tomb:3)
15 creatures vanquished.

Vanquished Creatures (others)
  A dread lich (Zot:5)
  A golden dragon (Zot:5)
  A titan (Coc:7)
  A pandemonium lord (Pan)
  A fire giant (Depths:3)
  A draconian knight (Zot:4)
  A lorocyproca (Pan)
  An elemental wellspring (Coc:6)
  A red draconian (Zot:1)
  A wendigo (Coc:7)
  3 caustic shrike simulacra
  A juggernaut simulacrum (Coc:7)
  A skeletal warrior (Tomb:3)
  2 quicksilver dragon simulacra
  3 deep elf zephyrmancers
  Psyche (D:10)
  An anaconda simulacrum (Coc:7)
  A hornet (Swamp:3)
  2 naga simulacra
  A harpy simulacrum (Coc:7)
  An orc warrior (Vaults:5)
  A bullfrog (D:7)
  A wyvern skeleton (Crypt:3)
  5 creeping infernos
  A fire vortex (Geh:4)
  6 foxfires (Swamp:3)
  A lurking horror (Abyss:2)
  5 starspawn tentacles
47 creatures vanquished.

Grand Total: 4657 creatures vanquished

Notes
Turn   | Place    | Note
-------+----------+-------------------------------------------
     0 | D:1      | Inarius the Demonspawn Fighter began the quest for the Orb.
     0 | D:1      | Reached XP level 1. HP: 18/18 MP: 1/1
   212 | D:1      | Gained mutation: You are partially covered in sharp spines.
                  | [demonic ancestry]
   212 | D:1      | Reached XP level 2. HP: 24/24 MP: 2/2
   775 | D:2      | Gained mutation: You are partially covered in molten
                  | scales. (AC +2) [demonic ancestry]
   775 | D:2      | Reached XP level 3. HP: 29/29 MP: 3/3
   815 | D:2      | Found a faded altar of an unknown god.
   839 | D:2      | Noticed Robin
   842 | D:2      | Noticed Jessica
   847 | D:2      | Killed Robin
   856 | D:2      | Killed Jessica
   857 | D:2      | Gained mutation: You have a small tail. [demonic ancestry]
   857 | D:2      | Reached XP level 4. HP: 32/35 MP: 4/4
   916 | D:2      | Noticed Terence
   923 | D:2      | Killed Terence
  1153 | D:2      | Found Lalilor's Distillery.
  1160 | D:2      | Bought a potion of curing for 39 gold pieces
  1543 | D:3      | Noticed Grinder
  1551 | D:3      | Killed Grinder
  1552 | D:3      | Reached skill level 5 in Axes
  1552 | D:3      | Reached XP level 5. HP: 29/41 MP: 5/5
  1552 | D:3      | Gained mutation: You are mostly covered in molten scales.
                  | (AC +3) [demonic ancestry]
  1552 | D:3      | Reached XP level 6. HP: 33/47 MP: 6/6
  1556 | D:3      | Found a glowing drain.
  1571 | Sewer    | Entered a sewer
  2388 | D:3      | Noticed Ijyb
  2399 | D:3      | Killed Ijyb
  2560 | D:3      | Gained mutation: You have a tail ending in a sharp stinger.
                  | [demonic ancestry]
  2560 | D:3      | Reached XP level 7. HP: 52/53 MP: 7/7
  2565 | D:3      | Noticed Natasha
  2573 | D:3      | Killed Natasha
  2662 | D:3      | Noticed Natasha
  2672 | D:3      | Killed Natasha
  2808 | D:3      | Noticed Natasha
  2813 | D:3      | Killed Natasha
  2842 | D:4      | Found a staircase to the Ecumenical Temple.
  2851 | Temple   | Entered the Ecumenical Temple
  2861 | Temple   | Became a worshipper of Makhleb the Destroyer
  3330 | D:4      | Reached skill level 1 in Invocations
  3330 | D:4      | Reached skill level 1 in Evocations
  3901 | D:5      | Entered Level 5 of the Dungeon
  4043 | D:5      | Gained mutation: You are mostly covered in sharp spines.
                  | [demonic ancestry]
  4043 | D:5      | Reached XP level 8. HP: 60/60 MP: 9/9
  4091 | D:5      | Found an iron altar of Okawaru.
  4161 | D:5      | Found a sand-covered staircase.
  4166 | Ossuary  | Entered an ossuary
  4289 | Ossuary  | Reached * piety under Makhleb
  4523 | Ossuary  | Reached ** piety under Makhleb
  4548 | Ossuary  | Noticed Menkaure
  4555 | Ossuary  | Killed Menkaure
  4723 | D:5      | Found a shimmering blue altar of Sif Muna.
  5452 | D:6      | Identified the +3 shortbow of Inconvenience {freeze,
                  | Will++}
  5589 | D:6      | Gained mutation: A meltable shield of frost defends you.
                  | (SH +4) [demonic ancestry]
  5589 | D:6      | Reached XP level 9. HP: 59/66 MP: 11/11
  5865 | D:6      | Found a sacrificial altar of Ru.
  5865 | D:6      | Found a blossoming altar of Fedhas.
  6385 | D:7      | Noticed Duvessa
  6385 | D:7      | Noticed Dowan
  6408 | D:7      | Killed Duvessa
  6412 | D:7      | Reached *** piety under Makhleb
  6419 | D:7      | Killed Dowan
  6625 | D:7      | Reached skill level 5 in Armour
  7309 | D:8      | Reached skill level 5 in Invocations
  7371 | D:8      | Found a flagged portal.
  7384 | Bailey   | Entered a bailey
  7434 | Bailey   | Reached skill level 5 in Fighting
  7483 | Bailey   | Reached skill level 10 in Axes
  7483 | Bailey   | Reached XP level 10. HP: 58/74 MP: 14/14
  7574 | Bailey   | Noticed a two-headed ogre
  7586 | Bailey   | Killed a two-headed ogre
  8621 | D:9      | Reached **** piety under Makhleb
  8663 | D:9      | Found a transporter.
  8667 | D:9      | You fall into a shaft and drop 2 floors!
  8708 | D:11     | Reached skill level 5 in Evocations
  8946 | D:11     | Noticed a manticore
  8953 | D:11     | Killed a manticore
  9100 | D:10     | Entered Level 10 of the Dungeon
  9406 | D:9      | Found a transporter.
  9412 | D:9      | Found a transporter.
  9426 | D:9      | Noticed a death yak
  9427 | D:9      | Noticed a death yak
  9451 | D:9      | Killed a death yak
  9452 | D:9      | Gained mutation: A meltable icy envelope protects you from
                  | harm. (AC +8) [demonic ancestry]
  9452 | D:9      | Reached XP level 11. HP: 81/81 MP: 16/16
  9556 | D:9      | Noticed a death yak
  9556 | D:9      | Noticed a death yak
  9569 | D:9      | Noticed a death yak
  9569 | D:9      | Killed a death yak
  9578 | D:9      | Killed a death yak
  9579 | D:9      | Reached skill level 5 in Shields
  9581 | D:9      | Killed a death yak
  9596 | D:9      | Killed a death yak
  9800 | D:9      | Found a staircase to the Lair.
  9939 | D:9      | Reached ***** piety under Makhleb
 10331 | D:9      | Found a transporter.
 10943 | D:10     | Noticed Psyche
 10952 | D:10     | Paralysed by Psyche for 2 turns
 10963 | D:10     | Killed Psyche
 11527 | D:10     | Found a staircase to the Orcish Mines.
 11640 | D:10     | Identified the +0 hat of Hedonism {Int-3 Slay+5 Stlth+}
 12145 | D:11     | Found a hazy altar of Hepliaklqana.
 12806 | Lair:1   | Entered Level 1 of the Lair of Beasts
 12843 | Lair:1   | Gained mutation: You punish those that try to bend your
                  | will. (Will+) [demonic ancestry]
 12843 | Lair:1   | Reached XP level 12. HP: 89/89 MP: 17/17
 12909 | Lair:1   | Noticed Harold
 12916 | Lair:1   | Killed Harold
 12958 | Lair:1   | Reached XP level 13. HP: 98/98 MP: 18/18
 13126 | Lair:1   | Identified the +3 war axe of the Demagogue {freeze, rF+
                  | SInv}
 13508 | Lair:1   | You fall into a shaft and drop 1 floor!
 14181 | Lair:2   | Found a staircase to the Swamp.
 15181 | Lair:3   | Reached ****** piety under Makhleb
 15199 | Lair:3   | Reached skill level 15 in Axes
 15448 | Lair:3   | Found a hole to the Spider Nest.
 15473 | Lair:3   | Reached XP level 14. HP: 103/106 MP: 16/19
 15566 | Lair:3   | Noticed Snorg
 15573 | Lair:3   | Killed Snorg
 17271 | Lair:5   | Entered Level 5 of the Lair of Beasts
 17398 | Lair:5   | Found a viscous altar of Jiyva.
 17399 | Lair:5   | Found a staircase to the Slime Pits.
 17497 | Lair:5   | Found the +18 shield of the Gong {Loud rN+ Will+ rCorr
                  | EV-5}
 18013 | Lair:5   | Identified the +6 chain mail of Asceticism {SInv}
 18278 | Lair:5   | Reached skill level 10 in Fighting
 18676 | Lair:5   | Reached XP level 15. HP: 113/115 MP: 19/22
 18694 | Lair:5   | Identified the +11 chain mail of Honour {rN+ rCorr MP+9}
 19144 | Orc:1    | Entered Level 1 of the Orcish Mines
 19169 | Orc:1    | Noticed Urug
 19186 | Orc:1    | Killed Urug
 19968 | Orc:2    | Entered Level 2 of the Orcish Mines
 20012 | Orc:1    | Reached skill level 10 in Invocations
 20153 | Orc:2    | Found a staircase to the Elven Halls.
 20224 | Orc:2    | Found Suob's Distillery.
 20232 | Orc:2    | Bought 2 potions of curing for 96 gold pieces
 20232 | Orc:2    | Bought a potion of mutation for 128 gold pieces
 20931 | Orc:2    | Found Iwaet's Magic Scroll Shoppe.
 20932 | Orc:2    | Found Ighilal's General Store.
 20932 | Orc:2    | Found Leyj Jif's Book Emporium.
 20933 | Orc:2    | Found Xobarraps's Antique Weapon Shoppe.
 20940 | Orc:2    | Bought a scroll of enchant weapon for 82 gold pieces
 20943 | Orc:2    | Bought a scroll of acquirement for 832 gold pieces
 20943 | Orc:2    | Acquired the ring of Giblad {rF++ rC+ rN+}
 21243 | D:12     | Identified the +9 falchion of Eternal Vigilance {flame,
                  | Str+5}
 21479 | D:12     | Reached skill level 1 in Dodging
 22494 | D:13     | Reached skill level 1 in Stealth
 22694 | D:13     | Noticed Nessos
 22699 | D:13     | Killed Nessos
 23450 | D:14     | Gained mutation: You have a sharp stinger which inflicts
                  | weakening toxins. [demonic ancestry]
 23450 | D:14     | Reached XP level 16. HP: 125/125 MP: 24/24
 23615 | D:14     | Found a gate to the Vaults.
 24160 | D:15     | Entered Level 15 of the Dungeon
 24204 | D:15     | Reached skill level 10 in Shields
 24573 | D:15     | Found a staircase to the Depths.
 25085 | Orc:2    | Bought a ring of poison resistance for 220 gold pieces
 25094 | Orc:2    | Bought a scroll of acquirement for 832 gold pieces
 25096 | Orc:2    | Acquired the +0 pair of boots "Eratup" {rC- Str+7 Int+2
                  | Stlth+}
 25344 | Spider:1 | Entered Level 1 of the Spider Nest
 25433 | Spider:1 | Reached skill level 10 in Armour
 25574 | Spider:1 | Gained mutation: You are dopey. (Int -2) [mutagenic glow]
 27148 | Spider:2 | Gained mutation: You are completely covered in sharp
                  | spines. [demonic ancestry]
 27148 | Spider:2 | Reached XP level 17. HP: 133/133 MP: 26/26
 27744 | Spider:2 | Identified the serpent talisman "Nulamyte" {Dex+4}
 27744 | Spider:2 | Noticed Aizul
 27765 | Spider:2 | Killed Aizul
 27890 | Spider:2 | Noticed Arachne
 27906 | Spider:2 | Killed Arachne
 28846 | Spider:3 | Noticed Mlioglotl
 28861 | Spider:3 | Killed Mlioglotl
 29333 | Spider:3 | Noticed Donald
 29452 | Spider:3 | Killed Donald
 29842 | Spider:4 | Entered Level 4 of the Spider Nest
 30063 | Swamp:1  | Entered Level 1 of the Swamp
 30153 | Swamp:1  | Noticed Frances
 30295 | Swamp:1  | Gained mutation: You are occasionally teleported next to
                  | monsters. [a neqoxec]
 30295 | Swamp:1  | Lost mutation: You are dopey. (Int -2) [a neqoxec]
 30310 | Swamp:1  | Killed Frances
 30321 | Lair:2   | Lost mutation: You are occasionally teleported next to
                  | monsters. [potion of mutation]
 30321 | Lair:2   | Gained mutation: You are clumsy. (Dex -2) [potion of
                  | mutation]
 30321 | Lair:2   | Gained mutation: You are very clumsy. (Dex -4) [potion of
                  | mutation]
 30321 | Lair:2   | Gained mutation: You have hidden genetic potential. [potion
                  | of mutation]
 31418 | Swamp:3  | Gained mutation: A meltable icy envelope protects you from
                  | harm. (AC +8) [demonic ancestry]
 31418 | Swamp:3  | Reached XP level 18. HP: 142/142 MP: 24/28
 32060 | Swamp:4  | Entered Level 4 of the Swamp
 32601 | Swamp:4  | Reached skill level 10 in Evocations
 32769 | Swamp:4  | Noticed Mara
 32847 | Swamp:4  | Noticed Inarius's illusion
 32866 | Swamp:4  | Killed Mara
 32888 | Swamp:4  | Noticed the 27-headed Lernaean hydra
 32899 | Swamp:4  | Killed the 21-headed Lernaean hydra
 32911 | Swamp:4  | Got a decaying rune of Zot
 32915 | Swamp:4  | Identified the +0 battleaxe "Duanga" {vamp, Int-2 Dex+5}
 33329 | Swamp:4  | Gained mutation: Your spells are a little harder to cast,
                  | but a little more powerful. [hidden potential]
 34369 | Spider:4 | Identified the +2 ring mail "Okienal" {-Cast rElec rPois
                  | Str+10}
 35159 | Spider:4 | Got a gossamer rune of Zot
 35211 | Spider:4 | Gained mutation: You are resistant to unholy torment.
                  | [demonic ancestry]
 35211 | Spider:4 | Reached XP level 19. HP: 151/151 MP: 29/29
 35463 | Vaults:1 | Entered Level 1 of the Vaults
 35771 | Vaults:1 | Found a runed gate.
 35771 | Vaults:1 | Found a runed gate.
 35773 | Vaults:1 | Found a runed gate.
 35922 | Vaults:1 | Identified the +7 ring mail of Objectivity {+Blink}
 36403 | Vaults:1 | Identified the +6 tower shield "Axiutrun" {Int+2}
 36422 | Vaults:1 | Reached skill level 5 in Dodging
 37743 | Vaults:2 | Gained mutation: You passively map a small area around you.
                  | [hidden potential]
 37743 | Vaults:2 | Lost mutation: You have hidden genetic potential. [hidden
                  | potential expressed]
 38248 | Vaults:2 | Found a staircase to the Crypt.
 38412 | Vaults:2 | Identified the +0 chain mail "Luong" {Dex+5}
 38747 | Vaults:2 | Found Xaitam's Book Shoppe.
 39265 | Vaults:2 | Reached skill level 1 in Unarmed Combat
 39660 | Vaults:3 | Found Luhim's Book Shop.
 39709 | Vaults:3 | Acquired a +3 antimagic broad axe
 39733 | Vaults:3 | Reached XP level 20. HP: 160/160 MP: 13/31
 39747 | Vaults:3 | Identified the +0 longbow of the Mushroom {flame, rF+
                  | rCorr}
 39864 | Vaults:3 | Noticed Asterion
 39882 | Vaults:3 | Killed Asterion
 39894 | Vaults:3 | Identified the +1 robe of Hulik {*Corrode rN+ Will+ SInv}
 39932 | Vaults:3 | You fall into a shaft and drop 1 floor!
 39939 | Vaults:4 | Noticed Saint Roka
 39964 | Vaults:4 | Killed Saint Roka
 40081 | Vaults:4 | Reached skill level 15 in Invocations
 40429 | Vaults:3 | Paralysed by a formless jellyfish for 1 turns
 40720 | Vaults:3 | Reached skill level 15 in Shields
 40805 | Vaults:3 | Found Wumo's Armour Shoppe.
 40815 | Vaults:3 | Found Rutehed's Antique Weapon Boutique.
 41023 | Vaults:3 | Identified the +3 pair of boots of Vlad {Stlth+}
 41379 | Vaults:4 | Reached skill level 15 in Fighting
 42563 | Elf:1    | Entered Level 1 of the Elven Halls
 42902 | Elf:1    | Got the Atlas of Kinetic Energy
 43394 | Elf:1    | Gained mutation: You are completely covered in molten
                  | scales. (AC +4, rF+) [demonic ancestry]
 43394 | Elf:1    | Reached XP level 21. HP: 137/169 MP: 10/33
 43703 | Elf:2    | Paralysed by an air elemental for 1 turns
 43885 | Elf:2    | Paralysed by an air elemental for 1 turns
 43890 | Elf:2    | Paralysed by an air elemental for 1 turns
 43907 | Elf:2    | Gained mutation: Armour fits poorly on your strangely
                  | shaped body. [a neqoxec]
 43996 | Elf:2    | Lost mutation: You passively map a small area around you.
                  | [potion of mutation]
 43996 | Elf:2    | Lost mutation: Armour fits poorly on your strangely shaped
                  | body. [potion of mutation]
 43996 | Elf:2    | Gained mutation: You are weak. (Str -2) [potion of
                  | mutation]
 44087 | Elf:2    | Found a runed translucent gate.
 44088 | Elf:2    | Found a runed translucent gate.
 44088 | Elf:2    | Found a runed translucent gate.
 45055 | Elf:3    | Entered Level 3 of the Elven Halls
 46044 | Elf:3    | Identified the +6 chain mail of the Land of Plenty {Dex+3
                  | SInv}
 46110 | Elf:3    | Identified the +3 great mace of Destiny {holy, rElec rN+
                  | Int+2}
 46175 | Elf:3    | Identified the ring "Wups" {*Slow rElec rF- rN+ Str+7}
 46202 | Abyss:2  | Cast into level 2 of the Abyss (a deep elf sorcerer)
 46285 | Abyss:2  | Found a corrupted altar of Lugonu.
 46605 | Abyss:2  | Found a corrupted altar of Lugonu.
 46613 | Elf:3    | Escaped the Abyss
 46631 | Elf:3    | Identified the ring of Cucheirou {Ice rPois}
 46771 | Elf:3    | Gained mutation: You can hurl damnation. [demonic ancestry]
 46771 | Elf:3    | Reached XP level 22. HP: 178/178 MP: 14/34
 46874 | Elf:3    | Identified the +6 sling of Grace {freeze, rC+ Int-2 Dex+2}
 47226 | Depths:1 | Entered Level 1 of the Depths
 47270 | Depths:1 | Found a shimmering altar of Xom.
 47303 | Depths:1 | Found a gateway to Hell.
 47321 | Depths:1 | Found Antac's Fire Supplies.
 47370 | Depths:1 | Found a stormy altar of Qazlal.
 47450 | Depths:1 | Found a one-way gate leading to the halls of Pandemonium.
 47635 | Depths:1 | Found a one-way gate to the infinite horrors of the Abyss.
 48023 | Depths:2 | Found Hahudwya's Magic Scroll Shoppe.
 48042 | Depths:2 | Noticed Norris
 48067 | Depths:2 | Killed Norris
 48102 | Depths:2 | Found Sipliygu's Weapon Emporium.
 48103 | Depths:2 | Found a flickering gateway to a bazaar.
 48112 | Bazaar   | Entered a bazaar
 48115 | Bazaar   | Found Ugiomom's Antique Armour Shop.
 48128 | Bazaar   | Found Ofahov's Magic Scroll Boutique.
 48134 | Bazaar   | Bought a scroll of blinking for 97 gold pieces
 48134 | Bazaar   | Bought 3 scrolls of enchant armour for 292 gold pieces
 48158 | Bazaar   | Found Cuddoma's Distillery.
 48158 | Bazaar   | Found Qoep's Weapon Boutique.
 48170 | Bazaar   | Bought 2 potions of mutation for 208 gold pieces
 48170 | Bazaar   | Bought a potion of resistance for 130 gold pieces
 48209 | Depths:2 | Bought a scroll of blinking for 105 gold pieces
 48209 | Depths:2 | Bought a scroll of enchant armour for 105 gold pieces
 48209 | Depths:2 | Bought a scroll of enchant armour for 105 gold pieces
 48236 | Depths:2 | Found a sacrificial altar of Ru.
 48319 | Depths:2 | Found a shadowy altar of Dithmenos.
 48347 | Depths:2 | Found Heefre's Antique Armour Shoppe.
 48517 | Depths:2 | Found Qad Ehuh's Assorted Antiques.
 48527 | Depths:2 | Identified the +8 tower shield "Faopuuhud" {Str+4 Int+3}
 48528 | Depths:2 | Found a one-way gateway to a ziggurat.
 48910 | Depths:2 | Noticed the Enchantress
 48919 | Depths:2 | Killed the Enchantress
 49252 | Depths:2 | Found the -2 hat of the Alchemist {rElec rPois rF+ rC+ rN+
                  | Will+ rMut rCorr}
 49477 | Depths:3 | Identified the ring "Raun" {Ice Str+2}
 49477 | Depths:3 | Noticed Josephina
 49574 | Depths:3 | Killed Josephina
 50113 | Depths:3 | Got the Vellum of Damage and Transfiguration
 50129 | Depths:3 | Noticed a caustic shrike
 50144 | Depths:3 | Killed a caustic shrike
 50155 | Depths:3 | Noticed a caustic shrike
 50195 | Depths:3 | Killed a caustic shrike
 50368 | Depths:3 | Noticed a juggernaut
 50384 | Depths:3 | Killed a juggernaut
 50385 | Depths:3 | Reached XP level 23. HP: 187/187 MP: 36/36
 50486 | Depths:3 | Identified the ring "Kehelogy" {rCorr Str+6}
 50494 | Depths:3 | Identified the +2 ring mail "Sedoossi" {Will+ Regen+ rCorr}
 51074 | Depths:3 | Noticed Frederick
 51091 | Depths:3 | Killed Frederick
 51801 | Depths:3 | Identified the +9 dagger "Impbane" {protect, Int+2 Dex+4}
 51836 | Depths:3 | Identified the +1 orcbow of Glory {flame, *Slow MP+9
                  | Stlth+}
 51993 | Depths:3 | Found the +8 autumn katana {manifold assault}
 51995 | Depths:3 | Identified the +6 orcbow of Annihilation {heavy, Will+}
 52196 | Depths:3 | Lost mutation: You are very clumsy. (Dex -4) [potion of
                  | mutation]
 52196 | Depths:3 | Lost mutation: Your spells are a little harder to cast, but
                  | a little more powerful. [potion of mutation]
 52196 | Depths:3 | Gained mutation: You are frail. (-10% HP) [potion of
                  | mutation]
 52196 | Depths:3 | Gained mutation: You have a pair of small horns on your
                  | head. [potion of mutation]
 52197 | Depths:3 | Lost mutation: You have a pair of small horns on your head.
                  | [potion of mutation]
 52197 | Depths:3 | Lost mutation: You are weak. (Str -2) [potion of mutation]
 52197 | Depths:3 | Gained mutation: You have an increased reservoir of magic.
                  | (+10% MP) [potion of mutation]
 52197 | Depths:3 | Gained mutation: Armour fits poorly on your strangely
                  | shaped body. [potion of mutation]
 52198 | Depths:3 | Lost mutation: You are clumsy. (Dex -2) [potion of
                  | mutation]
 52198 | Depths:3 | Lost mutation: You have an increased reservoir of magic.
                  | (+10% MP) [potion of mutation]
 52198 | Depths:3 | Lost mutation: You are frail. (-10% HP) [potion of
                  | mutation]
 52198 | Depths:3 | Gained mutation: Your system is resistant to poisons.
                  | (rPois) [potion of mutation]
 52198 | Depths:3 | Gained mutation: Your mind is acute. (Int +4, Str/Dex -1)
                  | [potion of mutation]
 52199 | Depths:3 | Lost mutation: Your system is resistant to poisons. (rPois)
                  | [potion of mutation]
 52199 | Depths:3 | Lost mutation: Armour fits poorly on your strangely shaped
                  | body. [potion of mutation]
 52199 | Depths:3 | Lost mutation: Your mind is acute. (Int +4, Str/Dex -1)
                  | [potion of mutation]
 52199 | Depths:3 | Gained mutation: You possess an exceptional clarity of
                  | mind. [potion of mutation]
 52248 | Depths:4 | Entered Level 4 of the Depths
 52282 | Depths:4 | Noticed a juggernaut
 53099 | Depths:4 | Killed a juggernaut
 53127 | Depths:4 | Reached XP level 24. HP: 196/197 MP: 11/36
 53315 | Depths:4 | Found a gate to the Realm of Zot.
 53832 | Crypt:1  | Entered Level 1 of the Crypt
 54430 | Crypt:1  | Found an ancient bone altar of Kikubaaqudgha.
 54645 | Crypt:1  | Found a runed translucent door.
 54650 | Crypt:1  | Noticed an ancient lich
 54664 | Crypt:1  | Killed an ancient lich
 55354 | Crypt:2  | Identified the +4 rapier "Hempoafu" {venom, Str+3 SInv
                  | Stlth+}
 55987 | Crypt:3  | Entered Level 3 of the Crypt
 56195 | Crypt:3  | Noticed Margery
 56214 | Crypt:3  | Killed Margery
 56396 | Crypt:3  | Found a staircase to the Tomb.
 56596 | Crypt:3  | Found an ancient bone altar of Kikubaaqudgha.
 56752 | Crypt:3  | Noticed an ancient lich
 56767 | Crypt:3  | Killed an ancient lich
 56776 | Crypt:3  | Identified the +14 plate armour of Moineyr {rElec}
 56786 | Crypt:3  | Identified the ring "Votosta" {rElec rC+ Dex+2 Stlth+}
 56789 | Crypt:3  | Identified the amulet "Ahiepon" {Reflect Str+3 SH+5}
 56852 | Crypt:3  | Found the +10 zealot's sword {holy, Zealotry, *Rage rN+
                  | EV+3}
 57131 | Crypt:3  | Found the +9 sword of Zonguldrok {reap}
 57290 | Crypt:3  | Reached XP level 25. HP: 206/206 MP: 36/36
 57561 | Crypt:3  | Identified the staff of Severance {rN+ Int+3 Summ Necro}
 57781 | Crypt:3  | Upgraded the game from 0.31-a0-1144-g99969ba1bc to
                  | 0.31-a0-1161-g593ecc88b7
 58117 | Vaults:5 | Entered Level 5 of the Vaults
 58150 | Vaults:5 | Noticed Jory
 58177 | Vaults:5 | Killed Jory
 58338 | Vaults:5 | Reached skill level 15 in Evocations
 58338 | Vaults:5 | Reached XP level 26. HP: 215/215 MP: 36/36
 58340 | Vaults:5 | Identified the +1 trident "Ushetsuh" {speed, rN+}
 58340 | Vaults:5 | Identified the +9 plate armour "Huchyh" {rF+ Str+3 Int-5}
 58679 | Vaults:5 | Found Kateil's Magic Scroll Shoppe.
 58697 | Vaults:5 | Identified the staff of Tender Mercy {rElec rN+ Dex-4 Necro
                  | Air}
 58707 | Vaults:5 | Bought a scroll of blinking for 150 gold pieces
 58707 | Vaults:5 | Bought a scroll of immolation for 80 gold pieces
 58711 | Vaults:5 | Got Plog's Directory of Arcane Weapons and Shadows
 58816 | Vaults:5 | Noticed Xtahua
 58822 | Vaults:5 | Killed Xtahua
 59384 | Vaults:5 | Identified the +3 dire flail "Ivvaqyvy" {freeze, rC+ Str+2}
 59795 | Vaults:5 | Identified the +1 hand axe "Ogreslayer" {vamp, rC+ SInv
                  | Stlth+}
 59826 | Vaults:5 | Noticed a dread lich
 59836 | Vaults:5 | Killed a dread lich
 60174 | Vaults:5 | Got a silver rune of Zot
 60185 | Vaults:5 | Noticed an ancient lich
 60205 | Vaults:5 | Killed an ancient lich
 60238 | Vaults:5 | Acquired a manual of Shields
 60242 | Vaults:5 | Acquired the +10 tower shield of Ignorance {rN+ Int-4}
 60242 | Vaults:5 | Found the +10 tower shield of Ignorance {rN+ Int-4}
 60874 | Slime:1  | Entered Level 1 of the Pits of Slime
 60972 | Slime:2  | Noticed Dissolution
 60978 | Slime:2  | Killed Dissolution
 60985 | Slime:2  | Reached XP level 27. HP: 169/223 MP: 28/36
 61722 | Slime:5  | Entered Level 5 of the Pits of Slime
 62369 | Slime:5  | Found a viscous altar of Jiyva.
 62462 | Slime:5  | Noticed the Royal Jelly
 62479 | Slime:5  | Killed the Royal Jelly
 62537 | Slime:5  | Identified the +4 bardiche "Vuziolurch" {freeze, Drain
                  | Int+8}
 62550 | Slime:5  | Identified the +2 plate armour of the Ward {*Corrode rPois
                  | rC+++ Regen+}
 62570 | Slime:5  | Identified the +6 whip of Zuamnady {flame, Will+ Dex+4
                  | Stlth+}
 62571 | Slime:5  | Identified the +3 sling of Diet Blood {speed, rElec Str+3
                  | SInv}
 62605 | Slime:5  | Identified the +0 chain mail of the Sky {Rampage +Inv
                  | Regen+ Dex-2}
 62637 | Slime:5  | Got a slimy rune of Zot
 62638 | Slime:5  | Identified the +1 flail of Infinity {spect, rElec rC+ rN+}
 62645 | Slime:5  | Identified the +6 lajatang of the Modern Bones {flame,
                  | Int+2}
 63227 | Depths:1 | Voluntarily entered the Abyss.
 63430 | Abyss:2  | Found a corrupted altar of Lugonu.
 63436 | Abyss:2  | Found a corrupted altar of Lugonu.
 63436 | Abyss:2  | Found a corrupted altar of Lugonu.
 63601 | Abyss:3  | Got an abyssal rune of Zot
 63640 | Depths:1 | Escaped the Abyss
 63786 | Hell     | Entered the Vestibule of Hell
 63786 | Hell     | Noticed Geryon
 63828 | Hell     | Killed Geryon
 64236 | Hell     | Found a gateway to the ashen valley of Gehenna.
 64461 | Hell     | Paralysed by a wendigo for 1 turns
 64462 | Hell     | Found a gateway to the freezing wastes of Cocytus.
 64473 | Hell     | Paralysed by a wendigo for 1 turns
 64553 | Hell     | Found a gateway to the decaying netherworld of Tartarus.
 64644 | Hell     | Found a gateway to the Iron City of Dis.
 64790 | Geh:1    | Entered Level 1 of Gehenna
 64905 | Geh:2    | Noticed a dread lich
 64932 | Geh:2    | Killed a dread lich
 65052 | Geh:3    | Reached skill level 27 in Axes
 65890 | Geh:7    | Entered Level 7 of Gehenna
 66285 | Geh:7    | Noticed the Serpent of Hell
 66306 | Geh:7    | Killed the Serpent of Hell
 66586 | Geh:7    | Found the +13 sceptre of Asmodeus
 66586 | Geh:7    | Noticed Asmodeus
 66626 | Geh:7    | Killed Asmodeus
 66640 | Geh:7    | Identified the +0 chain mail of Vorula Boe {rElec rCorr
                  | Int+3}
 66642 | Geh:7    | Got an obsidian rune of Zot
 66843 | Coc:1    | Entered Level 1 of Cocytus
 67492 | Dis:1    | Entered Level 1 of the Iron City of Dis
 68318 | Dis:1    | Lost intelligence.
 68581 | Zot:1    | Entered Level 1 of the Realm of Zot
 69529 | Zot:1    | Reached skill level 15 in Armour
 70234 | Zot:1    | Got the Handbook of the Congregation
 70306 | Zot:1    | Found a runed translucent door.
 70306 | Zot:1    | Noticed Sial's ghost (veteran MiMo)
 70355 | Zot:1    | Killed Sial's ghost
 71453 | Zot:2    | Found a transporter.
 71454 | Zot:2    | Noticed Sial's ghost (veteran MiMo)
 71465 | Zot:2    | Identified the +0 cloak "Utaeqi" {rPois rF+}
 71465 | Zot:2    | Identified the +4 broad axe "Boreck" {freeze, Str+2 Int+3
                  | SInv}
 71468 | Zot:2    | Identified the +2 cloak of Darkness {rElec Stlth+}
 71792 | Zot:2    | Noticed Parghit
 71968 | Zot:2    | Killed Parghit
 72242 | Zot:2    | Found a transporter.
 72255 | Zot:2    | Found a bloodstained altar of Trog.
 72674 | Zot:2    | Killed Sial's ghost
 73792 | Coc:7    | Entered Level 7 of Cocytus
 74184 | Coc:7    | Paralysed by a wendigo for 1 turns
 74186 | Coc:7    | Paralysed by a wendigo for 1 turns
 74193 | Coc:7    | Paralysed by a wendigo for 1 turns
 74201 | Coc:7    | Paralysed by a wendigo for 1 turns
 74207 | Coc:7    | Paralysed by a wendigo for 1 turns
 74230 | Coc:7    | Paralysed by a wendigo for 1 turns
 75071 | Coc:7    | Found the +9 sword of Power {lifebolt}
 75208 | Coc:7    | Noticed Antaeus
 75225 | Coc:7    | Reached skill level 27 in Shields
 75293 | Coc:7    | Killed Antaeus
 75299 | Coc:7    | Got an icy rune of Zot
 75416 | Coc:7    | Identified the ring of the Amoeba {rElec Int+3 Dex+6
                  | Stlth+}
 75424 | Coc:7    | Got Sif Muna's Omnibus of the Distorted Atmosphere
 75790 | Dis:4    | Lost intelligence.
 76007 | Zot:3    | You fall into a shaft and drop 1 floor!
 76089 | Zot:4    | Identified the +5 great sword "Deruw" {freeze, SInv}
 76570 | Zot:3    | Found a transporter.
 76570 | Zot:3    | Found the +8 demon blade "Leech" {evervamp, Harm Drain rN+}
 76662 | Zot:3    | Found a transporter.
 77451 | Zot:4    | Noticed Grunn
 77467 | Zot:4    | Killed Grunn
 80062 | Dis:7    | Entered Level 7 of the Iron City of Dis
 80572 | Dis:7    | Reached skill level 1 in Necromancy
 80752 | Dis:7    | Upgraded the game from 0.31-a0-1161-g593ecc88b7 to
                  | 0.31-a0-1164-geb876a39b7
 80922 | Dis:7    | Noticed a juggernaut
 80931 | Dis:7    | Killed a juggernaut
 80933 | Dis:7    | Noticed a juggernaut
 80953 | Dis:7    | Killed a juggernaut
 80966 | Dis:7    | Reached skill level 5 in Necromancy
 81465 | Dis:7    | Got the Tome of Helpful Momentum
 82269 | Dis:7    | Noticed a juggernaut
 82291 | Dis:7    | Killed a juggernaut
 82292 | Dis:7    | Reached skill level 1 in Spellcasting
 82440 | Dis:7    | Noticed Dispater
 82483 | Dis:7    | Killed Dispater
 82522 | Dis:7    | Got an iron rune of Zot
 82523 | Dis:7    | Identified the amulet of Equilibrium {Reflect +Inv Str+6
                  | Dex+4 Slay-6 SH+5}
 82524 | Dis:7    | Identified the +8 chain mail of the Sacrificial Victim
                  | {+Inv MP-9 Str+2 SInv}
 82638 | Tar:1    | Entered Level 1 of Tartarus
 82670 | Tar:1    | Reached skill level 27 in Fighting
 82978 | Tar:2    | Noticed a dread lich
 83000 | Tar:2    | Killed a dread lich
 83220 | Tar:4    | Reached skill level 10 in Necromancy
 84412 | Tar:6    | Found a runed translucent door.
 84706 | Tar:7    | Entered Level 7 of Tartarus
 85532 | Zot:4    | Identified the +6 battleaxe of Ysaub {vamp, Dex+7}
 85835 | Zot:5    | Entered Level 5 of the Realm of Zot
 86003 | Zot:5    | Reached skill level 5 in Spellcasting
 86618 | Zot:5    | Noticed an orb of fire
 86618 | Zot:5    | Gained mutation: You are weak. (Str -2) [an orb of fire]
 86635 | Zot:5    | Killed an orb of fire
 86688 | Zot:5    | Noticed an orb of fire
 86710 | Zot:5    | Killed an orb of fire
 87072 | Tar:7    | Noticed a dread lich
 87092 | Hell     | Killed a dread lich
 87100 | Hell     | HP: 11/220 [poisoned by a tainted leviathan (dark miasma)]
 87756 | Tar:7    | Upgraded the game from 0.31-a0-1164-geb876a39b7 to
                  | 0.31-a0-1172-g9944ec47dd
 89128 | Tar:7    | Noticed Ereshkigal
 89181 | Tar:7    | Killed Ereshkigal
 89271 | Tar:7    | Got a bone rune of Zot
 89979 | Tar:7    | Identified the staff of Veschoqyxt {Necro Earth}
 90372 | Tar:7    | Identified the ring "Repappio" {rElec rPois rF+ Str+6}
 90519 | Tar:7    | Identified the ring of Existentialism {Drain rPois rF++
                  | rCorr MP+9}
 91183 | Tar:7    | Got Jewomid's Parchment of Permutations and the Serac
 91194 | Tar:7    | Identified the ring "Wodak" {rElec SInv}
 91397 | Depths:4 | Learned a level 9 spell: Shatter
 91402 | Pan      | Entered Pandemonium
 91470 | Pan      | Noticed Ytazye the pandemonium lord
 91474 | Pan      | Reached skill level 1 in Earth Magic
 91488 | Pan      | Killed Ytazye the pandemonium lord
 91658 | Pan      | Lost mutation: You possess an exceptional clarity of mind.
                  | [a neqoxec]
 91687 | Pan      | Upgraded the game from 0.31-a0-1172-g9944ec47dd to
                  | 0.31-a0-1178-gc5c9b8f871
 91761 | Pan      | Noticed Saoco the pandemonium lord
 91776 | Pan      | Killed Saoco the pandemonium lord
 91867 | Depths:4 | Escaped Pandemonium
 91928 | Pan      | Entered Pandemonium
 92016 | Abyss:3  | Cast into level 3 of the Abyss (reaper)
 92037 | Pan      | Escaped the Abyss
 92149 | Depths:4 | Escaped Pandemonium
 92151 | Pan      | Entered Pandemonium
 92663 | Pan      | Noticed Pifaonk the pandemonium lord
 92680 | Pan      | Killed Pifaonk the pandemonium lord
 92723 | Pan      | Found an exit through the horrors of the Abyss.
 92739 | Pan      | Entered the realm of Gloorx Vloq.
 94923 | Pan      | Noticed Gloorx Vloq
 95309 | Pan      | Killed Gloorx Vloq
 95323 | Pan      | Got a dark rune of Zot
 95453 | Pan      | Reached skill level 15 in Necromancy
 96021 | Pan      | Identified the +6 chain mail of Aduuc {Int+2}
 96618 | Pan      | Reached skill level 10 in Spellcasting
 96721 | Pan      | Noticed Quiryure the pandemonium lord
 96745 | Pan      | Killed Quiryure the pandemonium lord
 96904 | Abyss:3  | Cast into level 3 of the Abyss (+0 demon trident of
                  | distortion)
 97193 | Pan      | Escaped the Abyss
 97258 | Pan      | Got a demonic rune of Zot
 97369 | Pan      | Noticed Irubuas the pandemonium lord
 97390 | Pan      | Killed Irubuas the pandemonium lord
 97606 | Pan      | Identified the +6 trident of Success {heavy, Str-4 Int+3
                  | Stlth+}
 97627 | Pan      | Identified the +4 whip "Zadux" {chaos, rCorr}
 97634 | Depths:4 | Escaped Pandemonium
 97872 | Vaults:2 | Bought a book of Death for 880 gold pieces
 97878 | Vaults:2 | Learned a level 5 spell: Yara's Violent Unravelling
 98095 | Pan      | Entered Pandemonium
 98126 | Pan      | Reached skill level 1 in Transmutations
 98231 | Pan      | Noticed Padol the pandemonium lord
 98253 | Pan      | Killed Padol the pandemonium lord
 98530 | Pan      | Entered the realm of Cerebov.
 99621 | Pan      | Found an exit through the horrors of the Abyss.
 99842 | Pan      | Identified the ring of Doidd {Ice Fly Int+3}
 99914 | Pan      | Found the +6 sword of Cerebov {flame}
 99914 | Pan      | Noticed Cerebov
 99972 | Pan      | Killed Cerebov
 99973 | Pan      | Reached skill level 5 in Transmutations
100349 | Pan      | Identified the +6 trident "Lyshrysh" {freeze, rPois rC+
                  | Str+4}
100512 | Pan      | Got a fiery rune of Zot
100570 | Pan      | Identified the staff "Memeaf Famu" {rC+ MP-9 Dex+3 Hexes
                  | Ice}
100697 | Pan      | Identified the +8 lajatang "Dozopaes" {heavy, +Blink rN+
                  | Str+3 SInv}
100700 | Pan      | Identified the ring "Giem" {rCorr Int+2 Slay+3}
101023 | Pan      | Entered the realm of Mnoleg.
101054 | Pan      | Noticed Mennas
101073 | Pan      | Killed Mennas
101684 | Pan      | Noticed Mnoleg
101704 | Pan      | Killed Mnoleg
101784 | Pan      | Gained mutation: Armour fits poorly on your strangely
                  | shaped body. [a neqoxec]
101797 | Pan      | Got a glowing rune of Zot
102358 | Pan      | Lost mutation: Armour fits poorly on your strangely shaped
                  | body. [potion of mutation]
102358 | Pan      | Lost mutation: You are weak. (Str -2) [potion of mutation]
102358 | Pan      | Gained mutation: Armour fits poorly on your strangely
                  | shaped body. [potion of mutation]
102359 | Pan      | Lost mutation: Armour fits poorly on your strangely shaped
                  | body. [potion of mutation]
102359 | Pan      | Gained mutation: You have a pair of small horns on your
                  | head. [potion of mutation]
102359 | Pan      | Gained mutation: You have a pair of horns on your head.
                  | [potion of mutation]
102550 | Pan      | Noticed Jipt the pandemonium lord
102760 | Pan      | Gained mutation: Your body sometimes deteriorates upon
                  | taking damage. [a cacodemon]
102832 | Pan      | Found an exit through the horrors of the Abyss.
102846 | Pan      | Reached skill level 5 in Earth Magic
103155 | Pan      | Entered the realm of Lom Lobon.
103870 | Pan      | Noticed Lom Lobon
103915 | Pan      | Killed Lom Lobon
103941 | Pan      | Got a magical rune of Zot
104076 | Pan      | Identified the +8 chain mail of Twilight {Str-2 Int+3
                  | Dex+4}
104748 | Pan      | Reached skill level 10 in Earth Magic
104839 | Pan      | Noticed Wid Nocw the pandemonium lord
104855 | Pan      | Killed Wid Nocw the pandemonium lord
105505 | Depths:1 | Escaped Pandemonium
105823 | Tomb:1   | Entered Level 1 of the Tomb of the Ancients
105866 | Crypt:3  | Lost mutation: You have a pair of horns on your head.
                  | [potion of mutation]
105866 | Crypt:3  | Lost mutation: Your body sometimes deteriorates upon taking
                  | damage. [potion of mutation]
105866 | Crypt:3  | Lost mutation: You have a pair of small horns on your head.
                  | [potion of mutation]
105866 | Crypt:3  | Gained mutation: You are strong-willed. (Will+) [potion of
                  | mutation]
106018 | Tomb:1   | Identified the amulet "Tiwihaty" {Spirit Rampage Str+4}
106081 | Tomb:1   | Identified the amulet "Kuoz" {Spirit rPois rF+ rC- Str+5}
107285 | Tomb:2   | Noticed a royal mummy
107287 | Tomb:2   | Noticed a royal mummy
107287 | Tomb:2   | Noticed a royal mummy
107287 | Tomb:2   | Noticed a royal mummy
107297 | Tomb:2   | Killed a royal mummy
107302 | Tomb:2   | Killed a royal mummy
107304 | Tomb:2   | Noticed a royal mummy
107328 | Tomb:2   | Killed a royal mummy
107332 | Tomb:2   | Killed a royal mummy
107338 | Tomb:2   | Killed a royal mummy
108003 | Tomb:1   | Noticed a royal mummy
108003 | Tomb:1   | Noticed a royal mummy
108005 | Tomb:1   | Noticed a royal mummy
108006 | Tomb:1   | Noticed a royal mummy
108009 | Tomb:1   | Noticed a royal mummy
108010 | Tomb:1   | Noticed a royal mummy
108024 | Tomb:1   | Killed a royal mummy
108026 | Tomb:1   | Killed a royal mummy
108031 | Tomb:1   | Noticed a royal mummy
108032 | Tomb:1   | Killed a royal mummy
108037 | Tomb:1   | Killed a royal mummy
108041 | Tomb:1   | Killed a royal mummy
108045 | Tomb:1   | Killed a royal mummy
108048 | Tomb:1   | Killed a royal mummy
108049 | Tomb:1   | Reached skill level 15 in Earth Magic
108155 | Tomb:1   | Noticed a royal mummy
108167 | Tomb:1   | Killed a royal mummy
108484 | Tomb:1   | Noticed a royal mummy
108488 | Tomb:1   | Noticed a royal mummy
108493 | Tomb:1   | Killed a royal mummy
108517 | Tomb:1   | Killed a royal mummy
108745 | Tomb:1   | Noticed a royal mummy
108748 | Tomb:1   | Noticed a royal mummy
108753 | Tomb:1   | Noticed a royal mummy
108760 | Tomb:1   | Killed a royal mummy
108778 | Tomb:1   | Killed a royal mummy
108785 | Tomb:1   | Killed a royal mummy
108967 | Tomb:1   | Noticed a royal mummy
108971 | Tomb:1   | Noticed a royal mummy
108976 | Tomb:1   | Noticed a royal mummy
108978 | Tomb:1   | Noticed a royal mummy
108980 | Tomb:1   | Noticed a royal mummy
108981 | Tomb:1   | Noticed a royal mummy
108990 | Tomb:1   | Killed a royal mummy
108990 | Tomb:1   | Noticed a royal mummy
109276 | Tomb:1   | Killed a royal mummy
109428 | Tomb:1   | Noticed a royal mummy
109428 | Tomb:1   | Noticed a royal mummy
109430 | Tomb:1   | Noticed a royal mummy
109441 | Tomb:1   | Killed a royal mummy
109443 | Tomb:1   | Killed a royal mummy
109445 | Tomb:1   | Killed a royal mummy
109448 | Tomb:1   | Killed a royal mummy
109449 | Tomb:1   | Killed a royal mummy
109449 | Tomb:1   | Killed a royal mummy
109449 | Tomb:1   | Killed a royal mummy
109450 | Tomb:1   | Killed a royal mummy
110054 | Tomb:3   | Entered Level 3 of the Tomb of the Ancients
110069 | Tomb:3   | Reached skill level 15 in Spellcasting
110117 | Tomb:3   | Noticed a royal mummy
110141 | Tomb:3   | Killed a royal mummy
110149 | Tomb:3   | Noticed a royal mummy
110153 | Tomb:3   | Noticed a royal mummy
110154 | Tomb:3   | Noticed a royal mummy
110163 | Tomb:3   | Killed a royal mummy
110173 | Tomb:3   | Killed a royal mummy
110194 | Tomb:3   | Noticed a royal mummy
110204 | Tomb:3   | Killed a royal mummy
110207 | Tomb:3   | Killed a royal mummy
110227 | Tomb:3   | Noticed a royal mummy
110231 | Tomb:3   | Noticed a royal mummy
110232 | Tomb:3   | Noticed a royal mummy
110233 | Tomb:3   | Noticed a royal mummy
110556 | Tomb:3   | Killed a royal mummy
110561 | Tomb:3   | Killed a royal mummy
110569 | Tomb:3   | Found the +2 hood of the Assassin {Detect Stab+ Stlth++}
110575 | Tomb:3   | Killed a royal mummy
110580 | Tomb:3   | Killed a royal mummy
110611 | Tomb:3   | Found the +7 captain's cutlass {speed, disarm}
110634 | Tomb:3   | Identified the +12 hand axe of Midsummer {drain, *Slow
                  | rElec Will- Int+7}
110653 | Tomb:3   | Identified the +5 war axe "Omeerr" {drain, Dex+2}
110654 | Tomb:3   | Identified the ring "Wyosem" {rF+ rCorr AC+4 Str+3}
110663 | Tomb:3   | Identified the ring "Gixzu" {rPois Int+6 Dex+3}
111009 | Tomb:3   | Got a golden rune of Zot
111081 | Tomb:3   | Identified the +0 robe of the Frog {Harm rC+ rN+ rCorr}
111083 | Tomb:3   | Identified the +1 flail "Kotaful" {freeze, Dex+3}
111786 | Zot:5    | Noticed a dread lich
111804 | Zot:5    | Killed a dread lich
111915 | Zot:5    | Noticed a dread lich
111931 | Zot:5    | Killed a dread lich
111961 | Zot:5    | Noticed an ancient lich
111972 | Zot:5    | Killed an ancient lich
112189 | Zot:5    | Noticed an orb of fire
112209 | Zot:5    | Killed an orb of fire
112215 | Zot:5    | Noticed an orb of fire
112221 | Zot:5    | Noticed an orb of fire
112236 | Zot:5    | Killed an orb of fire
112238 | Zot:5    | Killed an orb of fire
112263 | Zot:5    | Noticed an ancient lich
112273 | Zot:5    | Killed an ancient lich
112760 | Zot:5    | Got the Orb of Zot
113078 | D:15     | Noticed Wiun the pandemonium lord
113099 | D:15     | Killed Wiun the pandemonium lord
113276 | D:8      | Noticed Heizxiy the pandemonium lord
113558 | D:$      | Escaped with the Orb!

Illustrated notes

Levels and vault maps discovered:
D:1:      lemuel_arrival_muddy, layout_basic, grunt_decor_cap
D:2:      layout_loops_ring, serial_shops, shop, ebering_ecumenical_altar_webs,
          serial_bayou_pond_b, uniq_terence, uniq_jessica, uniq_robin
D:3:      minmay_bubble_buster, layout_basic, cheibrodos_sewer_entry_sluice,
          minmay_statues_item, uniq_grinder, uniq_ijyb, uniq_natasha
D:4:      layout_loops_corners, minmay_temple_entry_mist,
          minmay_misc_feat_pillars, kennysheep_big_empty_room,
          minmay_fire_ice_demons
D:5:      layout_layer_cave, okawaru_ov_weapons_minmay, marbit_many_paths,
          nicolae_ossuary_entry_plus, hangedman_feature_mirror
D:6:      layout_gridville, gammafunk_temple_overflow_wave, lightli_orcish_oven
D:7:      layout_loops_ring, uniq_duvessa
D:8:      layout_basic, enter_bailey_4
D:9:      layout_layer_cave, dpeg_lair_monsters, nicolae_transporter_circle
D:10:     minmay_angry_zag, layout_basic, david_orc_1_choice, uniq_psyche
D:11:     layout_cave_pods, nicolae_hepliaklqana_monster_ancestors
D:12:     layout_small_grid, serial_demonic, serial_demonic_g, serial_demonic_f,
          serial_demonic_d, serial_demonic_e, serial_demonic_b,
          serial_demonic_f, kennysheep_flooded_box
D:13:     layout_basic, special_room [special_room_orc], tso_oasis_becter,
          uniq_nessos
D:14:     layout_roguey, skrybe_vaults_entry_preservation,
          good_gods_mini_temple, kennysheep_small_spiral
D:15:     gammafunk_enter_depths_forms, layout_basic, corexii_leaking_fountain
Temple:   nicolae_temple_bog_church
Lair:1:   layout_misc_corridors, chequers_serial_rivers_micro_b,
          nicolae_lair_run_with_the_wolves, grunt_megastairs_1,
          serial_bayou_shore_b, uniq_harold
Lair:2:   layout_hall_layers, skrybe_swamp_entry_bodies
Lair:3:   regret_index_tunnel_blossom, layout_long_grid,
          nicolae_spider_entry_tight_spaces, minivault_27, st_stairs_6,
          serial_bayou_shore_a, uniq_snorg
Lair:4:   layout_layer_cave, beast_lair_carwin_3
Lair:5:   due_jungle_book, layout_long_grid, minmay_slime_entry_jelly_boxes,
          guppyfry_lair_drakes, lemuel_fruit_tree
Swamp:1:  layout_basic_swamp, evilmike_swamp_ruin_house_2,
          nicolae_swamp_decorative_isthmus, uniq_frances
Swamp:2:  layout_basic_swamp, hangedman_swamp_blocks
Swamp:3:  layout_basic_swamp, evilmike_swamp_ruin_house_5,
          infiniplex_staircase_pool
Swamp:4:  grunt_swamp_rune_castle, layout_basic_swamp, swamp_pool_1_2,
          nicolae_swamp_bunyip_nook, uniq_mara
Spider:1: nicolae_spider_hilbert_zone_2 [nicolae_spider_hilbert_4_sides_1_open,
          nicolae_spider_hilbert_4_sides_1_open,
          nicolae_spider_hilbert_4_sides_1_open,
          nicolae_spider_hilbert_4_sides_1_open,
          nicolae_spider_hilbert_6_sides_1_open,
          nicolae_spider_hilbert_6_sides_1_open,
          nicolae_spider_hilbert_3_sides_1_open,
          nicolae_spider_hilbert_3_sides_1_open,
          nicolae_spider_hilbert_3_sides_1_open,
          nicolae_spider_hilbert_3_sides_1_open,
          nicolae_spider_hilbert_6_sides_1_open,
          nicolae_spider_hilbert_6_sides_1_open,
          nicolae_spider_hilbert_6_sides_1_open,
          nicolae_spider_hilbert_6_sides_1_open], nicolae_spider_shape
Spider:2: layout_chambers, uniq_arachne, uniq_aizul
Spider:3: layout_spider_delve, nicolae_spider_jagged_tunnels, uniq_mlioglotl,
          uniq_donald
Spider:4: spider_rune_water
Slime:1:  layout_caves, cheibrodos_slime_lost_civilization_6
Slime:2:  layout_caves, dissolution_awaits
Slime:3:  layout_caves, nicolae_slime_crime_time
Slime:4:  layout_caves
Slime:5:  slime_pit_nicolae_jellycorners
Orc:1:    dreamdust_under_siege, layout_caves, blackcustard_mines_bat_river,
          uniq_urug
Orc:2:    st_orc_pillars, layout_diamond_mine, serial_shops, shop_fountains
Elf:1:    eino_elf_arrival_customs, layout_geoelf_octagon, minmay_elf_sorcery,
          st_stairs_12, moated_statue
Elf:2:    nicolae_elf_blades_splatter_lattice
          [nicolae_blade_entry_hurt_lockers], layout_geoelf_octagon,
          st_stairs_7, moated_statue
Elf:3:    minmay_elf_hall_x, layout_onion_city
Vaults:1: nicolae_vaults_more_shelving_1, nicolae_vaults_doubleplus_tesselated,
          nicolae_vaults_closet_pinwheel_4, wander_protected_by_tso,
          serial_ice_g, nicolae_vaults_offset_grid_hallway_2, v_rooms_6,
          vaults_mumra_chevron_long, nicolae_vaults_trapezoid_lopsided_1,
          v_alt_pattern_5, nicolae_vaults_trapezoid_layered, v_misc_15,
          nicolae_vaults_surprise_closet, ontoclasm_vaults_idyll,
          v_alt_pattern_3, grunt_vaults_focal, layout_vaults_maze_bifur
Vaults:2: hangedman_vaults_nodes, hangedman_vaults_capsules,
          hangedman_vaults_slice, st_eye, nicolae_vaults_border_crossing,
          vaults_standard_mumra_enter_the_diamond, vaults_mumra_hex,
          hangedman_vaults_corner_blocks, nicolae_vaults_little_squares_1,
          minmay_crypt_entry_simple_corners, nicolae_vaults_cochlea,
          layout_vaults_ring, serial_shops, nicolae_lakefront_shop
Vaults:3: nicolae_vaults_variable_pillar_hall,
          hangedman_vaults_stretched_pinwheel, nicolae_vaults_frosty_reception,
          nicolae_vaults_diamond_1, nicolae_vaults_apartment_1,
          hangedman_vaults_impose, vaults_mumra_minichess,
          nicolae_vaults_diamond_1, vaults_mumra_hexcomb, nicolae_vaults_two_Ls,
          v_alt_pattern_1, nicolae_vaults_six-pack, layout_vaults_quadrants,
          serial_shops, nicolae_shop_behind_doors, nicolae_shop_hallway_stairs,
          shop, uniq_asterion
Vaults:4: nicolae_vaults_door_testing_chamber, v_misc_18, v_misc_4,
          hangedman_vaults_restitches, v_misc_13,
          nicolae_vaults_closet_pinwheel_1, nicolae_vaults_storage_closets_3,
          nicolae_vaults_little_squares_2, nicolae_vaults_two_Ls,
          nicolae_vaults_rhombus_6, nicolae_vaults_rhombus_5,
          nicolae_vaults_two_Ls, layout_vaults_big_cross, uniq_saint_roka
Vaults:5: uniq_xtahua, uniq_jory
Crypt:1:  cheibrodos_crypt_cold_storage, layout_gridlike, st_stairs_10,
          serial_sigils_hangedman_scar, weyrava_vampire_temple
Crypt:2:  layout_misc_corridors
Crypt:3:  evilmike_haunted_forest, uniq_margery
Tomb:1
Tomb:2
Tomb:3
Depths:1: layout_gridville, minmay_room_of_horrors,
          nicolae_qazlal_general_emergency, rand_demon_pan_entry_3,
          hangedman_coc_ice_floe, grunt_decor_fettered, nicolae_shop_fire_sale
          [nicolae_sub_dead_trees], led_xom_imps
Depths:2: kennysheep_oblong_rooms, layout_long_grid, enter_ziggurat_d,
          hangedman_abyss_entry_splay, nicolae_dithmenos_shadow_blocks,
          pan_entry, hangedman_tar_grid_catacomb, serial_shops,
          bzr_entry_lakeside, shop, nicolae_take_the_stairs,
          nicolae_shop_window_shopping, nicolae_shop_stone, drop_trap,
          nicolae_ru_path_of_blood, uniq_norris, uniq_enchantress
Depths:3: minmay_the_grid_ultimate [minmay_the_grid_prize_inner_circle,
          minmay_the_grid_prize_four_corners,
          minmay_the_grid_prize_shrinking_boxes,
          minmay_the_grid_prize_four_corners_diamond_a,
          minmay_the_grid_square_5x5_longway,
          minmay_the_grid_square_5x5_checkered,
          minmay_the_grid_square_5x5_pentomino_r,
          minmay_the_grid_square_5x5_slash,
          minmay_the_grid_square_5x5_three_small,
          minmay_the_grid_square_5x5_inner_i,
          minmay_the_grid_square_5x5_inner_z,
          minmay_the_grid_square_5x5_dogpile, minmay_the_grid_square_5x5_z,
          minmay_the_grid_square_5x5_six,
          minmay_the_grid_square_5x5_doubleslash,
          minmay_the_grid_square_5x5_two_walls_a,
          minmay_the_grid_square_5x5_shrine2,
          minmay_the_grid_square_5x5_minibox, minmay_the_grid_square_5x5_bite,
          minmay_the_grid_triangle_9x9_skeleton,
          minmay_the_grid_triangle_9x9_descending_squares,
          minmay_the_grid_triangle_9x9_impossible_snake,
          minmay_the_grid_triangle_9x9_intruding_spiral,
          minmay_the_grid_triangle_9x9_zippers_vertical,
          minmay_the_grid_triangle_9x9_alien,
          minmay_the_grid_triangle_9x9_minimal,
          minmay_the_grid_triangle_9x9_wacky_v,
          minmay_the_grid_triangle_9x9_flanged_cone,
          minmay_the_grid_triangle_9x9_sprig,
          minmay_the_grid_triangle_9x9_corruption,
          minmay_the_grid_triangle_9x9_swiss_cheese,
          minmay_the_grid_triangle_9x9_empty,
          minmay_the_grid_triangle_9x9_dagger,
          minmay_the_grid_triangle_9x9_empty,
          minmay_the_grid_triangle_9x9_limited_checkers,
          minmay_the_grid_square_5x5_eight, minmay_the_grid_octo_thin_diamonds,
          minmay_the_grid_octo_tetromino_candy, minmay_the_grid_octo_horde,
          minmay_the_grid_octo_empty, minmay_the_grid_octo_checkered,
          minmay_the_grid_octo_clover, minmay_the_grid_octo_pinwheel,
          minmay_the_grid_octo_vomiting_pacman, minmay_the_grid_square_x,
          minmay_the_grid_slots, minmay_the_grid_minigrid_medium,
          minmay_the_grid_odd_star], abyss_entry, hell_entry, uniq_josephina,
          uniq_frederick
Depths:4: evilmike_zot_entry_gauntlet, layout_gridlike,
          nicolae_hell_entry_hellmouth_sunbeams, columned_hall_lemuel,
          grunt_pan_entry_spiral
Hell
Dis:1:    layout_regular_city, evilmike_ambush [evilmike_ambush_outer_basic,
          evilmike_ambush_inner_wall_2]
Dis:2:    hangedman_dis_decor_blocks_crown, layout_regular_city
Dis:3:    layout_overlapping_boxes, nrook_loot_triangle
Dis:4:    layout_subdivisions, nicolae_dis_scattering
Dis:5:    hangedman_dis_monolith, layout_regular_city
Dis:6:    layout_jigsaw, lemuel_dis_dragons
Dis:7:    dis_grunt_layers
Geh:1:    layout_gehenna_lava_caves
Geh:2:    layout_gehenna_lava_caves
Geh:3:    layout_gehenna_pools_basic
Geh:4:    layout_gehenna_lava_caves
Geh:5:    layout_gehenna_pools_triple, gehenna_fire_generator
Geh:6:    layout_gehenna_pools_basic
Geh:7:    geh_hangedman
Coc:1:    layout_ice_bergs
Coc:2:    layout_cocytus_water_paths
Coc:3:    nicolae_hells_demon_pit, layout_cocytus_delve
Coc:4:    layout_cocytus_delve
Coc:5:    layout_cocytus_delve
Coc:6:    layout_cocytus_delve, nicolae_hells_hurtin_island
Coc:7:    coc_old
Tar:1:    layout_cathedral_of_symmetry
Tar:2:    layout_grid_maze
Tar:3:    layout_grid_maze
Tar:4:    layout_honeycomb
Tar:5:    layout_grid_maze
Tar:6:    nicolae_tar_ssshhh
Tar:7:    tar_mu [tar_mu_maze]
Zot:1:    grunt_deathspiral_small, layout_cathedral_of_symmetry,
          hellmonk_ghost_happy_afterlife, grunt_ministairs_10,
          st_large_dragon_hoard_3
Zot:2:    layout_cellular_growth, gammafunk_ghost_wrathful_warriors,
          st_large_dragon_hoard_1, uniq_parghit
Zot:3:    gammafunk_sealed_arena, layout_onion, grunt_megastairs_2
Zot:4:    layout_gridville, uniq_grunn
Zot:5:    layout_basic

Skill      XL: |  1  2  3  4  5  6  7  8  9 10 11 12 13 14 15 16 17 18 19 20 21 22 23 24 25 26 27 |
---------------+----------------------------------------------------------------------------------+-----
Axes           | 2 3 5 7 8 10 11 12 13 15 16 17 18 19 20 21 22 23 24 25 26 27 | 27.0
Armour         | 3 4 5 6 7 8 9 10 11 12 13 23 | 23.0
Shields        | 3 4 5 6 7 8 9 11 12 13 14 15 16 17 18 19 20 21 27 | 27.0
Invocations    | 2 3 5 7 9 11 13 14 16 17 18 24 | 24.3
Evocations     | 1 2 4 5 6 8 9 10 11 12 13 14 15 21 | 21.2
Fighting       | 4 5 6 7 8 10 11 12 13 14 15 16 17 18 19 27 | 27.0
Dodging        | 1 2 3 4 5 6 7 |  7.9
Stealth        | 1 2 3 4 |  4.0
Unarmed Combat | 1 |  1.0
Necromancy     | 18 | 18.7
Spellcasting   | 17 | 17.9
Earth Magic    | 19 | 19.4
Transmutations | 8 |  8.3
Short Blades   | |  0.9
Staves         | |  0.5
Ranged Weapons | |  0.6
Throwing       | |  0.4
Conjurations   | |  0.6
Summonings     | |  0.8
Translocations | |  0.2
Ice Magic      | |  0.5
Air Magic      | |  0.4
Poison Magic   | |  0.1
Shapeshifting  | |  0.5

Action                     |  1- 3 |  4- 6 |  7- 9 | 10-12 | 13-15 | 16-18 | 19-21 | 22-24 | 25-27 || total
---------------------------+-------+-------+-------+-------+-------+-------+-------+-------+-------++-------
  Melee: War axe           |    75 |    95 |   323 |   389 |  1168 |  1356 |   522 |       |       ||  3928
         Tailslap          |       |    11 |    45 |    51 |   226 |   281 |   336 |   464 |  2406 ||  3820
         Flail             |       |       |       |       |    11 |       |       |       |       ||    11
         Falchion          |       |       |       |       |    16 |    75 |       |       |       ||    91
         Unarmed           |       |       |       |       |       |       |    31 |       |       ||    31
         Broad axe         |       |       |       |       |       |       |   950 |  2055 |  9324 || 12329
         Headbutt          |       |       |       |       |       |       |       |       |   115 ||   115
 Invoke: Minor Destruction |       |       |       |     6 |       |       |       |       |       ||     6
         Major Destruction |       |       |       |       |       |       |       |     4 |    16 ||    20
         Greater Servant o |       |       |       |       |       |       |       |       |     6 ||     6
  Evoke: Wand              |       |       |    26 |    15 |    18 |    16 |     1 |     6 |   104 ||   186
         Condenser vane    |       |       |       |       |       |       |       |       |     8 ||     8
         Sack of spiders   |       |       |       |       |       |       |       |       |     6 ||     6
         Lightning rod     |       |       |       |       |       |       |       |       |     2 ||     2
    Use: Scroll            |       |     3 |    14 |     6 |     6 |     7 |    25 |    15 |    49 ||   125
         Potion            |       |       |       |     5 |     2 |     4 |     5 |     7 |    56 ||    79
   Stab: Paralysed         |       |       |       |     2 |     6 |     7 |       |       |       ||    15
         Confused          |       |       |       |       |       |     1 |     5 |       |     1 ||     7
         Distracted        |       |       |       |       |       |       |     1 |     1 |    13 ||    15
         Invisible         |       |       |       |       |       |       |       |       |    46 ||    46
 Armour: Scale mail        |    39 |    54 |    26 |       |       |       |       |       |       ||   119
         Chain mail        |       |       |   190 |   235 |   561 |  1043 |   536 |   438 |   128 ||  3131
         Skin              |       |       |       |       |    25 |       |    28 |       |       ||    53
         Gold dragon scale |       |       |       |       |       |       |       |   233 |  3962 ||  4195
  Dodge: Dodged            |    25 |    39 |    96 |   122 |   398 |   653 |   316 |   308 |  1147 ||  3104
  Block: Buckler           |    20 |    14 |    80 |   165 |   365 |       |       |       |       ||   644
         Kite shield       |       |       |       |       |   225 |  1251 |   124 |       |       ||  1600
         Tower shield      |       |       |       |       |       |       |  1175 |  2265 | 12732 || 16172
         Reflection        |       |       |       |       |       |       |       |       |    42 ||    42

Table legend: (Time is in decaauts)
 A = Elapsed time spent in this place.
 B = Non-inter-level travel time spent in this place.
 C = Inter-level travel time spent in this place.
 D = Time resting spent in this place.
 E = Time spent auto-exploring this place.
 F = Levels seen in this place.
 G = Mean time per level.
                   A        B        C        D        E       F      G
               +--------+--------+--------+--------+--------+-----+--------+
         Total | 111111 | 101049 |  10062 |  14945 |  54502 | 114 |  974.7 |
       Dungeon |  16793 |  14428 |   2365 |   1191 |  10036 |  15 | 1119.5 |
        Temple |     29 |      8 |     21 |      0 |      0 |   1 |   29.0 |
          Lair |   6992 |   5915 |   1077 |    419 |   4255 |   5 | 1398.4 |
         Swamp |   3399 |   3217 |    182 |    470 |   1841 |   4 |  849.8 |
   Spider Nest |   6190 |   5748 |    442 |    724 |   3808 |   4 | 1547.5 |
    Slime Pits |   1984 |   1872 |    112 |    948 |    353 |   5 |  396.8 |
  Orcish Mines |   2320 |   1923 |    397 |    202 |   1207 |   2 | 1160.0 |
   Elven Halls |   3920 |   3681 |    239 |    269 |   2261 |   3 | 1306.7 |
        Vaults |   9870 |   8759 |   1111 |   1341 |   5162 |   5 | 1974.0 |
         Crypt |   4088 |   3702 |    386 |     96 |   2460 |   3 | 1362.7 |
          Tomb |   5351 |   5091 |    260 |   1768 |   1826 |   3 | 1783.7 |
        Depths |   8111 |   6594 |   1517 |   1405 |   3105 |   4 | 2027.8 |
          Hell |   2314 |   1888 |    426 |   1054 |    434 |   1 | 2314.0 |
           Dis |   4681 |   4602 |     79 |   1184 |   1001 |   7 |  668.7 |
       Gehenna |   1847 |   1847 |      0 |    461 |    381 |   7 |  263.9 |
       Cocytus |   2739 |   2547 |    192 |    464 |    393 |   7 |  391.3 |
      Tartarus |   6023 |   5383 |    640 |    912 |   2935 |   7 |  860.4 |
           Zot |   9385 |   8777 |    608 |    897 |   5264 |   5 | 1877.0 |
         Abyss |   1075 |   1075 |      0 |     15 |    273 |   5 |  215.0 |
   Pandemonium |  12584 |  12584 |      0 |    899 |   6886 |  17 |  740.2 |
        Bazaar |     70 |     70 |      0 |      0 |      0 |   1 |   70.0 |
         Sewer |    431 |    431 |      0 |    109 |    206 |   1 |  431.0 |
       Ossuary |    480 |    480 |      0 |     80 |    170 |   1 |  480.0 |
        Bailey |    425 |    425 |      0 |     31 |    240 |   1 |  425.0 |
               +--------+--------+--------+--------+--------+-----+--------+

Top non-repeatable levels by time:
   Tar:7: 3780 daAuts
  Tomb:1: 3303 daAuts
   Zot:1: 2918 daAuts
Depths:3: 2609 daAuts
Depths:4: 2434 daAuts
Vaults:2: 2427 daAuts
Vaults:5: 2328 daAuts
    Hell: 2314 daAuts
Vaults:1: 2308 daAuts
   Dis:7: 2294 daAuts
 Crypt:3: 1924 daAuts
   Zot:5: 1914 daAuts
    D:10: 1815 daAuts
     D:9: 1810 daAuts
Spider:2: 1795 daAuts
